 Dungeon Crawl Stone Soup version 0.31-a0-672-g7da72447bb (webtiles) character file.

Game seed: 1122004515402890641

1711470 Skeral the Slayer (level 27, 169/169 HPs)
             Began as a Vine Stalker Brigand on Aug 27, 2023.
             Was an Initiate of Gozag.
             Escaped with the Orb
             ... and 3 runes on Sept 4, 2023!
             The game lasted 04:33:47 (64533 turns).

Skeral the Slayer (Vine Stalker Brigand)           Turns: 64533, Time: 04:33:48

Health: 169/169    AC: 27    Str: 14    XL:     27
Magic:  31/31      EV: 21    Int: 18    God:    Gozag
Gold:   1793       SH: 25    Dex: 28    Spells: 30/40 levels left

rFire   + + .        a - +9 demon blade (flame)
rCold   + + .        K - +5 kite shield {rC+}
rNeg    + . .        l - +7 ring mail of the Feeding Gods {rC+ Int+7 SInv Stlth-}
rPois   +            w - +0 helmet of the Kraken {Fly rPois rC- Regen+}
rElec   +            O - +2 cloak
rCorr   +            n - +2 pair of gloves {hurl}
SInv    +            C - +2 pair of boots {rampage}
Will    +++..        X - amulet of reflection
Stlth   ++           F - ring "Omium" {rElec rF++ Str-2 SInv Stlth+}
HPRegen 2.08/turn    T - ring of Beusucal {rElec rC+ rN+ rCorr Slay+3}
MPRegen 0.22/turn

%: reflection, guardian spirit, rampage
@: gold aura, flying
A: fangs 3, regeneration 1, magic shield, antimagic bite, no potion heal 2,
hooves 1, iridescent scales 1, camouflage 1, deterioration 1, low MP 1, mutation
resistance 1, MP-powered wands
0: Orb of Zot
}: 3/15 runes: decaying, serpentine, slimy
a: Renounce Religion, Potion Petition, Call Merchant, Bribe Branch


You escaped.
You worshipped Gozag.
Gozag was most pleased with you.
You visited 12 branches of the dungeon, and saw 55 of its levels.
You visited the Abyss 1 time.
You also visited: Sewer, Ossuary, Bailey, Ice Cave, Volcano and Desolation.

You collected 28733 gold pieces.
You spent 3885 gold pieces at shops.
You paid 23055 gold pieces to Gozag.


Innate Abilities, Weirdness & Mutations

You have razor-sharp teeth.
Your natural rate of healing is unusually fast.
When hurt, damage is shared between your health and your magic reserves.
Your bite disrupts and absorbs the magic of your enemies.
Potions cannot restore your health.
You have large cloven feet.
You are partially covered in iridescent scales. (AC +2)
Your skin changes colour to match your surroundings (Stealth+).
Your body sometimes deteriorates upon taking damage.
Your magical capacity is low. (-10% MP)
You are somewhat resistant to further mutation.
You expend magic power (3 MP) to strengthen your wands.


   Skills:
 + Level 25.5 Fighting
 - Level 9.6(13.4) Short Blades
 - Level 14.9(16.0) Long Blades
 + Level 8.0 Throwing
 - Level 8.0 Armour
 + Level 13.0 Dodging
 - Level 8.0 Stealth
 + Level 13.1 Shields
 - Level 7.0 Spellcasting
 - Level 14.0 Translocations
 - Level 12.0 Evocations
 - Level 16.0 Shapeshifting


You had 30 spell levels left.
You knew the following spells:

 Your Spells              Type           Power      Damage    Failure   Level
b - Blink                 Tloc           100%       N/A       1%          2
c - Manifold Assault      Tloc           54%        N/A       1%          4
p - Passage of Golubria   Tloc           54%        N/A       1%          4

Your spell library contained the following spells:

 Spells                   Type           Power      Damage    Failure   Level
 Lesser Beckoning         Tloc           100%       N/A       1%          2
 Gell's Gravitas          Tloc           54%        N/A       1%          3
 Teleport Other           Tloc           54%        N/A       1%          3
 Momentum Strike          Conj/Tloc      62%        3d9       3%          2
 Portal Projectile        Hex/Tloc       62%        N/A       7%          3
 Volatile Blastmotes      Fire/Tloc      62%        2d15      7%          3
 Dispersal                Tloc           27%        N/A       19%         6
 Iskenderun's Mystic Bla  Conj/Tloc      31%        2d8       22%         4
 Foxfire                  Conj/Fire      24%        2x1d5     36%         1
 Freeze                   Ice            24%        1d4       36%         1
 Magic Dart               Conj           24%        1d4       36%         1
 Necrotise                Necr           24%        1d5       36%         1
 Summon Small Mammal      Summ           24%        N/A       36%         1
 Cigotuvi's Dreadful Rot  Necr/Pois/Air  12%        N/A       52%         2
 Ensorcelled Hibernation  Hex/Ice        12%        N/A       52%         2
 Poisonous Vapours        Pois/Air       12%        N/A       52%         2
 Scorch                   Fire           12%        2d5       52%         2
 Static Discharge         Conj/Air       12%        2-3/arc   52%         2
 Sublimation of Blood     Necr           6%         N/A       52%         2
 Wereblood                Tmut           6%         N/A       52%         2
 Summon Forest            Summ/Tloc      15%        N/A       52%         5
 Call Canine Familiar     Summ           6%         N/A       75%         3
 Dazzling Flash           Conj/Hex       12%        N/A       75%         3
 Frozen Ramparts          Ice            12%        1d2       75%         3
 Hailstorm                Conj/Ice       6%         3d4       75%         3
 Ignite Poison            Fire/Tmut/Pois 6%         N/A       75%         3
 Inner Flame              Hex/Fire       6%         N/A       75%         3
 Mephitic Cloud           Conj/Pois/Air  6%         N/A       75%         3
 Ozocubu's Armour         Ice            6%         N/A       75%         3
 Summon Guardian Golem    Hex/Summ       6%         N/A       75%         3
 Swiftness                Air            6%         N/A       75%         3
 Tukima's Dance           Hex            6%         N/A       75%         3
 Vampiric Draining        Necr           6%         2d6       75%         3
 Airstrike                Air            3%         2d(1-17)  98%         4
 Anguish                  Hex/Necr       3%         N/A       98%         4
 Animate Armour           Summ/Erth      12%        N/A       98%         4
 Cause Fear               Hex            3%         N/A       98%         4
 Dispel Undead            Necr           6%         3d8       98%         4
 Flame Wave               Conj/Fire      6%         2d5       98%         4
 Fulminant Prism          Conj/Hex       3%         3d5       98%         4
 Petrify                  Tmut/Erth      6%         N/A       98%         4
 Sticky Flame             Conj/Fire      6%         2d3       98%         4
 Summon Lightning Spire   Summ/Air       6%         N/A       98%         4
 Agony                    Necr           6%         N/A       100%        5
 Arcjolt                  Conj/Air       3%         1d13      100%        5
 Fireball                 Conj/Fire      3%         3d4       100%        5
 Freezing Cloud           Conj/Ice/Air   3%         6-21      100%        5
 Irradiate                Conj/Tmut      3%         3d12      100%        5
 Iskenderun's Battlesphe  Conj           6%         2d6       100%        5
 Lee's Rapid Deconstruct  Erth           3%         3d5*      100%        5
 Metabolic Englaciation   Hex/Ice        3%         N/A       100%        5
 Silence                  Hex/Air        3%         N/A       100%        5
 Conjure Ball Lightning   Conj/Air       3%         3x3d6     100%        6
 Death Channel            Necr           3%         N/A       100%        6
 Eringya's Noxious Bog    Tmut/Pois      3%         4d6       100%        6
 Leda's Unmaking          Conj/Erth      3%         9d1       100%        6
 Starburst                Conj/Fire      3%         6d3       100%        6
 Summon Cactus Giant      Summ           3%         N/A       100%        6
 Malign Gateway           Summ/Tloc      15%        N/A       100%        7
 Orb of Destruction       Conj           3%         9d5       100%        7
 Ozocubu's Refrigeration  Ice            3%         4d8       100%        7
 Spellforged Servitor     Conj/Summ      3%         N/A       100%        7
 Summon Hydra             Summ           3%         N/A       100%        7
 Discord                  Hex            3%         N/A       100%        8
 Disjunction              Tloc           27%        N/A       100%        8
 Maxwell's Capacitive Co  Air            3%         โˆž       100%        8
 Summon Horrible Things   Summ           3%         N/A       100%        8
 Chain Lightning          Conj/Air       3%         3d4       100%        9
 Dragon's Call            Summ           3%         N/A       100%        9
 Fire Storm               Conj/Fire      3%         8d1       100%        9
 Polar Vortex             Ice            3%         N/A       100%        9
 Shatter                  Erth           3%         3d7*      100%        9
 Simulacrum               Ice/Necr       Unusable   N/A       N/A         6

Inventory:

Hand Weapons
 a - a +9 demon blade of flaming (weapon)
   (You found it in a volcano)
 b - a +2 double sword of freezing {rare}
   (You took it off an imperial myrmidon in the Desolation of Salt)
Missiles
 e - 22 curare-tipped darts {=f}
 j - 2 darts of dispersal {=f!f}
 u - 3 javelins
 v - 38 boomerangs (quivered)
 z - a throwing net {=f!f}
Armour
 l - the +7 ring mail of the Feeding Gods (worn) {rC+ Int+7 SInv Stlth-}
   (You bought it in a shop on level 15 of the Dungeon)

   Int+7:     It affects your intelligence (+7).
   rC+:       It protects you from cold.
   SInv:      It lets you see invisible.
   Stlth-:    It makes you less stealthy.
 n - a +2 pair of gloves of hurling (worn)
   (You bought it in a shop on level 14 of the Dungeon)
 w - the +0 helmet of the Kraken (worn) {Fly rPois rC- Regen+}
   (You found it on level 2 of the Snake Pit)

   rC-:       It makes you vulnerable to cold.
   rPois:     It protects you from poison Fly: It grants you flight.
   Regen+:    It increases your rate of health regeneration.
 C - a +2 pair of boots of rampaging (worn)
   (You found it on level 3 of the Elven Halls)
 K - a +5 kite shield of cold resistance (worn)
   (You took it off a naga warrior on level 4 of the Snake Pit)
 O - a +2 cloak (worn)
   (You found it on level 3 of the Dungeon)
Jewellery
 F - the ring "Omium" (left hand) {rElec rF++ Str-2 SInv Stlth+}
   (You bought it in a shop on level 2 of the Snake Pit)

   [ring of see invisible]

   Str-2:     It affects your strength (-2).
   rF++:      It greatly protects you from fire.
   rElec:     It insulates you from electricity.
   SInv:      It lets you see invisible.
   Stlth+:    It makes you more stealthy.
 I - the ring "Lamunil" {rN+ Dex+7}
   (You found it on level 3 of the Crypt)

   [ring of positive energy]

   Dex+7:     It affects your dexterity (+7).
   rN+:       It protects you from negative energy.
 T - the ring of Beusucal (right hand) {rElec rC+ rN+ rCorr Slay+3}
   (You found it on level 3 of the Crypt)

   [ring of positive energy]

   Slay+3:    It affects your accuracy & damage with ranged weapons and melee
   (+3).
   rC+:       It protects you from cold.
   rElec:     It insulates you from electricity.
   rN+:       It protects you from negative energy.
   rCorr:     It protects you from acid and corrosion.
 V - a ring of willpower
   (You found it on level 4 of the Lair of Beasts)
 X - an amulet of reflection (around neck)
   (You found it on level 5 of the Lair of Beasts)
 Z - the ring of Kakk {rPois AC+4}
   (You found it in the Desolation of Salt)

   [ring of protection]

   AC+4:      It affects your AC (+4).
   rPois:     It protects you from poison
Talismans
 M - a granite talisman
   (You found it on level 11 of the Dungeon)
Wands
 c - a wand of mindburst (23)
   (You took it off Ijyb on level 3 of the Dungeon)
 d - a wand of quicksilver (15)
   (You found it on level 1 of the Lair of Beasts)
 P - a wand of iceblast (56)
   (You found it on level 3 of the Lair of Beasts)
Scrolls
 i - 13 scrolls of fog
 p - 25 scrolls of teleportation {@r4}
 q - 7 scrolls of blinking {!r}
 s - 7 scrolls of fear
 J - 7 scrolls of immolation {!r!r}
 L - 6 scrolls of vulnerability {!r!r}
 R - a scroll of butterflies
 U - a scroll of brand weapon
Potions
 g - 4 potions of cancellation
 h - 9 potions of magic
 k - 13 potions of lignification {!q}
 m - 7 potions of attraction {!q}
 o - 4 potions of resistance
 r - 2 potions of berserk rage {!q}
 t - 10 potions of might
 x - 3 potions of haste {@q3}
 y - 13 potions of curing {@q1}
 B - 7 potions of invisibility
 D - 8 potions of mutation {!q}
 E - 9 potions of enlightenment
 G - 6 potions of brilliance
Miscellaneous
 N - a lightning rod (4/4)
   (You found it on level 1 of the Depths)
 S - a phantom mirror
   (You found it on level 3 of the Crypt)
 W - a sack of spiders
   (You found it in the Desolation of Salt)

Dungeon Overview and Level Annotations

Branches:
Dungeon (15/15)            Temple (1/1) D:6            Lair (5/5) D:9
  Swamp (4/4) Lair:3        Snake (4/4) Lair:2        Slime (5/5) Lair:5
    Orc (2/2) D:10            Elf (3/3) Orc:2        Vaults (4/5) D:13
  Crypt (3/3) Vaults:2       Tomb (0/3) Crypt:3      Depths (4/4) D:15
    Zot (5/5) Depths:4      Sewer (visited)         Ossuary (visited)
 Bailey (visited)           IceCv (visited)         Volcano (visited)
Desolation (visited)

Altars:
Ashenzari
Cheibriados
Dithmenos
Elyvilon
Fedhas
Gozag
Hepliaklqana
Kikubaaqudgha
Makhleb
Nemelex Xobeh
Okawaru
Qazlal
Ru
Sif Muna
Trog
Uskayaw
Vehumet
Wu Jian
Xom
Yredelemnul
Zin
The Shining One
Jiyva

Shops:
D:7 **   D:12 *   D:14 [   D:15 **   Orc:2 :(:!   Elf:1 ::[[(   Elf:2 =
Snake:1 *   Snake:2 ::=   Vaults:1 ?   Vaults:2 (   Vaults:4 [   Depths:1 *
Depths:4 *[

Portals:
Hell: Depths:1 Depths:2 Depths:3 Depths:4
Abyss: Depths:1 Depths:3 Depths:4
Pandemonium: Depths:2
Ziggurat: Depths:1
Trove: D:13 (give +3 shadow dragon scales)

Annotations:
D:6 1 runed translucent door, Crazy Yiuf
Lair:3 1 runed translucent door, Rupert
Snake:2 Kemp's ghost, adept MiMo
Crypt:2 1 runed translucent door, Vailuoroe's ghost, veteran GrEE
Zot:5 1 runed translucent door, snackwell's ghost, legendary AtAr

#.# #....######.#
####.#####..####...###
#.......##.##.#.....#
#.##.##.##.#........##
#.##.##.##.##....##..##
#.##.......###..###...#
#.#####.##.# ##.####..#
#.#####.#### #...# #..#
#.......# #.@.###..#
######### #.ยง..#...#
###.....## #.....#
##$..G# ##...##
########### #..#.###
..........# ##ยง)#.#.##
##.###.##.###
#..#..##.#


You could see a golden eye.


Message History

๐Ÿ˜• HP[+1] MP[+3]
Your mp is fully restored (31).
You hit the reaper. You burn the reaper.
You bite the reaper, but do no damage. ๐Ÿ˜• HP[+1]
You barely miss the reaper. You bite the reaper.
You kill the reaper! ๐Ÿ˜• HP[+1]
You now have 1763 gold pieces (gained 6).
You see here a +2 scythe of flaming.
Your extra speed is starting to run out. ๐Ÿ˜• HP[+3]
You regained 3 hp, and now have 158/169 hp.
You see here a +0 dagger.
You see here a +0 chain mail.
You feel yourself slow down.
A green death comes into view. ๐Ÿ˜Ž HP[+11]
Your hp is fully restored (169).
You feel yourself speed up.
A green death is nearby!
There is a stone staircase leading up here.
You fly upwards.
There is a stone staircase leading down here.
There is an open door here.
There is a stone staircase leading up here.
You fly upwards.
There is a stone staircase leading down here.
There is an open door here.
There is an open door, spattered with blood here.
Items here: ))))) [[[[.
Your extra speed is starting to run out.
There is a stone staircase leading up here.
You feel yourself slow down.
You fly upwards.
There is a stone staircase leading down here.
You feel yourself speed up.
You can't go up here!
An Executioner comes into view.
There is a stone staircase leading up here.
You fly upwards.
There is a stone staircase leading down here.
Your extra speed is starting to run out.
You feel yourself slow down.
A red devil comes into view. It is wielding a +0 trident.
Blink to where?
Press: ? - help, Dir - move target You can't see that place. [the floor.]
Okay, then.
You rampage towards the red devil!
You barely miss the red devil. You bite the red devil!! You drain its power.
You block the red devil's attack.
You slash the red devil!
You kill the red devil!
Your Dodging skill increases to level 13!
You now have 1770 gold pieces (gained 7).
You see here a +0 trident. 6 golden eyes come into view.
You slash the golden eye! You burn the golden eye.
You kill the golden eye!
You slice the golden eye like a ripe choko!!!
You burn the golden eye.
You kill the golden eye!
You throw a boomerang. The boomerang misses the golden eye.
The boomerang hits the golden eye.
The golden eye blinks! x2
The golden eye blinks at you. You resist with almost no effort.
You slash the golden eye! You burn the golden eye.
You kill the golden eye!
You slice the golden eye!! You burn the golden eye.
You kill the golden eye!
No target in view!
No target in view!
No target in view!
No target in view!
You now have 1774 gold pieces (gained 4).
You now have 1782 gold pieces (gained 8).
You now have 1788 gold pieces (gained 6).
You now have 1793 gold pieces (gained 5).
The golden eye turns its gaze towards you.
The golden eye blinks at you. You resist with almost no effort.
You see here a +0 club.
You rampage towards the golden eye!
The golden eye blinks at you.
You easily resist.
You slash the golden eye! You burn the golden eye.
You kill the golden eye!
The golden eye blinks at you. You resist with almost no effort.
You see here 6 gold pieces.
The golden eye blinks!
The golden eye blinks at you. You resist with almost no effort.
The golden eye blinks at you. You resist with almost no effort.
The golden eye blinks at you. You resist with almost no effort.
There is a staircase leading out of the dungeon here.
The golden eye blinks!
You have escaped!

Skill      XL: |  1  2  3  4  5  6  7  8  9 10 11 12 13 14 15 16 17 18 19 20 21 22 23 24 25 26 27 |
---------------+----------------------------------------------------------------------------------+-----
Fighting       | 2 3 4 5 6 8 9 11 12 13 15 16 17 18 19 20 22 24 25 | 25.5
Short Blades   | 2 3 4 5 6 8 9 |  9.6
Throwing       | 2 5 6 7 8 |  8.0
Stealth        | 5 6 8 |  8.0
Dodging        | 2 4 5 7 8 10 12 13 | 13.0
Armour         | 3 5 7 8 |  8.0
Long Blades    | 4 7 10 12 13 14 | 14.9
Evocations     | 3 6 9 11 12 | 12.0
Shields        | 3 6 10 11 12 13 | 13.1
Translocations | 4 5 6 8 10 13 14 | 14.0
Spellcasting   | 2 4 5 7 |  7.0
Shapeshifting  | 5 13 16 | 16.0

Action                     |  1- 3 |  4- 6 |  7- 9 | 10-12 | 13-15 | 16-18 | 19-21 | 22-24 | 25-27 || total
---------------------------+-------+-------+-------+-------+-------+-------+-------+-------+-------++-------
  Melee: Dagger            |    89 |   207 |   718 |   496 |    22 |       |       |       |       ||  1532
         Bite              |    20 |    73 |   293 |   389 |   472 |   530 |   868 |   995 |   782 ||  4422
         Punch             |     2 |     1 |    15 |    17 |    19 |     4 |       |       |       ||    58
         Scimitar          |       |       |       |   495 |   271 |       |       |       |       ||   766
         Demon blade       |       |       |       |       |   768 |  1174 |  1414 |  1950 |  1315 ||  6621
         Double sword      |       |       |       |       |       |       |   213 |       |    15 ||   228
         Kick              |       |       |       |       |       |       |       |   215 |   156 ||   371
  Throw: Dart              |       |     1 |    11 |    48 |    27 |    19 |     1 |       |       ||   107
         Boomerang         |       |       |       |       |       |       |    22 |    40 |    38 ||   100
   Cast: Passage of Golubr |       |       |       |       |       |       |       |     3 |       ||     3
         Manifold Assault  |       |       |       |       |       |       |       |    52 |    21 ||    73
 Invoke: Call Merchant     |       |       |       |       |     1 |     1 |       |       |     2 ||     4
         Potion Petition   |       |       |       |       |       |     6 |     4 |     3 |     5 ||    18
         Bribe Branch      |       |       |       |       |       |       |       |       |     4 ||     4
  Evoke: Wand              |       |       |       |    16 |    11 |    11 |     3 |     1 |    13 ||    55
         Sack of spiders   |       |       |       |       |       |     1 |     2 |     2 |       ||     5
         Lightning rod     |       |       |       |       |       |       |       |     3 |       ||     3
    Use: Scroll            |       |       |    12 |     7 |    20 |    15 |     7 |     5 |    15 ||    81
         Potion            |       |       |       |     1 |       |     7 |     1 |     6 |    13 ||    28
   Stab: Sleeping          |     8 |    13 |    10 |    12 |    17 |     3 |    18 |    19 |    23 ||   123
         Distracted        |       |     1 |     3 |     5 |    11 |    11 |    14 |    14 |    16 ||    75
         Petrifying        |       |       |       |       |     3 |       |       |       |       ||     3
         Invisible         |       |       |       |       |       |     1 |       |       |       ||     1
 Armour: Robe              |    15 |    19 |   190 |   238 |       |       |       |       |       ||   462
         Animal skin       |       |    22 |       |       |       |       |       |       |       ||    22
         Swamp dragon scal |       |       |       |    65 |   404 |       |       |       |       ||   469
         Ring mail         |       |       |       |       |    38 |   665 |   616 |   816 |   511 ||  2646
         Skin              |       |       |       |       |       |       |       |       |   172 ||   172
  Dodge: Dodged            |    47 |   109 |   335 |   569 |   496 |   339 |   473 |   631 |   577 ||  3576
  Block: Other             |       |       |       |       |   105 |    23 |       |       |       ||   128
         Reflection        |       |       |       |       |    16 |    29 |   164 |    77 |     8 ||   294
         Buckler           |       |       |       |       |       |    47 |       |       |       ||    47
         Kite shield       |       |       |       |       |       |   645 |  1308 |  1203 |  1084 ||  4240
   Form: Statue            |       |       |       |       |       |       |       |       |     1 ||     1
                           |       |       |       |       |       |       |       |       |     1 ||     1

Levels and vault maps discovered:
D:1:      dpeg_arrival_round_c, layout_loops_corners, minmay_tromino_v4_a
D:2:      layout_basic, uniq_robin
D:3:      layout_basic, uniq_ijyb
D:4:      layout_gridville, nicolae_overflow_hidden_temple
D:5:      layout_cave_pools, nicolae_ossuary_entry_monument,
          portal_sewer_entry_d
D:6:      layout_basic, mainiacjoe_overflow_concentric_impassable,
          nicolae_tso_besieged_by_evil, cheibriados_altar_1,
          mainiacjoe_overflow_six_doors_small, minmay_temple_entry_arrows,
          serial_aquarium, aquarium_bridge_square [aquarium_subvault_balcony,
          aquarium_subvault_wall, aquarium_subvault_wall,
          aquarium_subvault_bridge], aquarium_bridge_long_separate
          [aquarium_subvault_window, aquarium_subvault_bridge,
          aquarium_subvault_bridge, aquarium_subvault_bridge,
          aquarium_subvault_window, aquarium_subvault_bridge],
          aquarium_window_2, aquarium_window_1, aquarium_window_2,
          aquarium_window_fake, aquarium_view_2f, aquarium_view_2b,
          uniq_menkaure, uniq_crazy_yiuf_cottage
D:7:      cheibrodos_steamvent, layout_loops_ring, enter_bailey_7,
          nicolae_specific_store, amethyst_killhole
D:8:      layout_rooms, lightli_temple_of_fire, serial_ice, serial_ice_n,
          serial_ice_l, serial_ice_g, serial_ice_m, serial_ice_e, serial_ice_o,
          serial_ice_c, serial_ice_a, serial_ice_d, serial_ice_h, uniq_maurice,
          uniq_joseph
D:9:      layout_basic, lair_entry_dummy, serial_co_window_serial,
          co_window_paths_a, co_window_paths_a, co_window_paths_b,
          co_window_paths_a, co_window_paths_b, co_window_paths_c,
          co_window_2corner, co_window_broadway_b, co_window_corner_b,
          co_window_corner_b, co_window_cross_4, co_window_4corner_b,
          co_window_paths_d, glass_columns_c, glass_columns_c, glass_columns_a,
          glass_columns_a, hangedman_ranch
D:10:     layout_long_grid, hiddenorc2_lemuel, serial_co_window_serial,
          co_window_paths_a, co_window_paths_a, co_window_corner_a,
          co_window_paths_a, co_window_paths_a, co_window_corner_b,
          co_window_cross_3, co_window_paths_c, glass_columns_b,
          glass_columns_a, glass_columns_b
D:11:     layout_basic, uniq_amaemon
D:12:     layout_layer_cave, serial_shops, shop, minmay_gold_behind_fungi
D:13:     layout_layer_cave, david_vaults_2, trove_entry_hex_spiral
D:14:     layout_irregular_city, serial_shops, shop, uniq_nessos
D:15:     grunt_enter_depths_magical_seal, layout_cave_pools,
          minmay_parallelograms, serial_shops, nicolae_shop_rolling_square,
          uniq_azrael
Temple:   nicolae_temple_no_exploring_needed
Lair:1:   layout_long_grid, grunt_megastairs_5, infiniplex_staircase_pool
Lair:2:   layout_layer_cave, alex1729_snake_entry_snake,
          infiniplex_staircase_pool_2, grunt_megastairs_3
Lair:3:   layout_gridlike, minmay_swamp_entry_worms, basic_altar,
          pdpol_lair_cabin_in_the_woods
Lair:4:   layout_small_grid, lightli_volcano_entry_magma_tube,
          grunt_megastairs_4
Lair:5:   guppyfry_lair_end_dragon, layout_gridlike,
          nicolae_slime_entry_field_trip, disabler_island, wad_woods_river_01,
          uniq_josephine
Swamp:1:  layout_basic_swamp, evilmike_swamp_ruin_house_1
Swamp:2:  layout_basic_swamp, evilmike_swamp_ruin_house_2, swamp_pool4
Swamp:3:  nicolae_swamp_long_stream, layout_falls_marsh,
          evilmike_swamp_ruin_house_5
Swamp:4:  swamp_pestilence, layout_basic_swamp
Snake:1:  layout_layer_cave, ebering_ghost_gozag, uniq_louise
Snake:2:  layout_rooms, gammafunk_ghost_cemetery, nicolae_snake_gridmaze_big_u,
          minmay_shop_grove
Snake:3:  nicolae_snake_hallway, layout_gridlike, basic_altar,
          serial_bayou_shore_b, uniq_vashnia
Snake:4:  grunt_snake_rune_serpentine_throne, layout_misc_corridors,
          grunt_megastairs_2
Slime:1:  layout_caves
Slime:2:  layout_caves
Slime:3:  layout_caves, cheibrodos_slime_lost_civilization_6
Slime:4:  layout_caves
Slime:5:  slime_pit_nicolae_inversion
Orc:1:    cheibrodos_orc_arena, layout_diamond_mine
Orc:2:    st_orc_rangers, layout_caves, portal_ice_cave_entry_pillars_2
Elf:1:    layout_loops_corners, serial_shops, nicolae_shop_trees, shop,
          nicolae_square_shop, nicolae_shop_behind_doors, shop,
          minmay_elf_sorcery, corexii_hall_statues_u, nicolae_custom_books
Elf:2:    nicolae_elf_blades_splatter_lattice
          [nicolae_vaults_blade_armed_guards], layout_gridlike, serial_shops,
          shop
Elf:3:    minmay_elf_hall_statues, layout_onion_city
Vaults:1: portal_desolation_entry_salt, grunt_vaults_diagonal,
          nicolae_vaults_yaktaur_gun_rack, vaults_mumra_minichess_inversion,
          grunt_vaults_bifocal, vaults_room_door_ring, v_rooms_5,
          st_spiral_rooms, ontoclasm_vaults_eye, nicolae_vaults_network_square,
          nicolae_vaults_angled_halls, layout_vaults_maze_snakey, uniq_aizul
Vaults:2: nicolae_vaults_statue_guard, minmay_crypt_entry_simple_box,
          ontoclasm_vaults_bender, grunt_vaults_hallway_short,
          nicolae_vaults_apartment_2, ontoclasm_vaults_twist,
          ontoclasm_vaults_tryst, nicolae_vaults_trapezoid_2,
          nicolae_vaults_mini_display_case, nicolae_vaults_tetromino_T_2,
          v_misc_1, nicolae_vaults_sesquioval_fish,
          nicolae_vaults_sealed_display, layout_vaults_ring, serial_shops, shop
Vaults:3: st_quartered_hall, v_misc_30, nicolae_vaults_circle_grid_a,
          nicolae_vaults_more_shelving_1, nicolae_vaults_circle_grid_b,
          nicolae_vaults_storage_closets_2, nicolae_vaults_tetromino_T_1,
          v_misc_32, hangedman_vaults_trim, layout_vaults_chaotic_city
Vaults:4: hangedman_vaults_snaps, vaults_dpeg_encased_lava,
          nicolae_vaults_storage_closets_1, v_pattern_1,
          nicolae_vaults_surprise_closet, nicolae_vaults_house_3,
          nicolae_vaults_tetromino_T_2, nicolae_vaults_closet_pinwheel_1,
          layout_vaults_quadrants, serial_shops, shop, uniq_norris
Crypt:1:  layout_gridlike, basic_altar, serial_corexii_hall,
          corexii_hall_statues_s, corexii_hall_statues_i,
          roderic_lattice_octagonal_star
Crypt:2:  layout_regular_city, hellmonk_ghost_happy_afterlife,
          st_shrine_of_skulls
Crypt:3:  evilmike_haunted_forest
Depths:1: minmay_the_grid_octo_tiled_octocenter_mashed
          [minmay_the_grid_octo_concentric,
          minmay_the_grid_octo_tetromino_candy, minmay_the_grid_octo_clover_2,
          minmay_the_grid_octo_77, minmay_the_grid_octo_prize_square_snowflake,
          minmay_the_grid_square_5x5_tie,
          minmay_the_grid_square_5x5_almost_minimal,
          minmay_the_grid_square_5x5_fancy_junction,
          minmay_the_grid_square_5x5_broken_cross], layout_cave_pools,
          enter_ziggurat_a, grunt_hell_entry_dis_old, abyss_entry,
          hangedman_decor_lopped, chequers_serial_rivers_micro_d, st_stairs_2,
          nicolae_island_escapes, serial_bayou_shore_b
Depths:2: minmay_guarded_unrand_sceptre_of_torment, layout_basic,
          rand_demon_pan_entry_7, hell_entry, grunt_decor_one_mirror,
          nicolae_letterblocks [nicolae_letter_subblock,
          nicolae_letter_subblock, nicolae_letter_subblock,
          nicolae_letter_subblock, nicolae_letter_subblock,
          nicolae_letter_subblock, nicolae_letter_subblock,
          nicolae_letter_subblock, nicolae_letter_subblock,
          nicolae_letter_subblock, nicolae_letter_subblock,
          nicolae_letter_subblock, nicolae_letter_subblock,
          nicolae_letter_subblock, nicolae_letter_subblock,
          nicolae_letter_subblock, nicolae_letter_subblock,
          nicolae_letter_subblock, nicolae_letter_subblock,
          nicolae_letter_subblock, nicolae_letter_subblock,
          nicolae_letter_subblock, nicolae_letter_subblock,
          nicolae_letter_subblock, nicolae_letter_subblock], uniq_nikola
Depths:3: hangedman_cross_veins, layout_basic, lightli_too_deep,
          nicolae_abyss_entry_one_way_or_another, kennysheep_generic_room_11,
          minmay_staircase_bubble, uniq_frederick, uniq_jory
Depths:4: grunt_zot_entry_funnels, layout_long_grid, abyss_entry,
          good_gods_temple_1, hell_entry, uniq_sojobo
Zot:1:    layout_basic
Zot:2:    layout_basic
Zot:3:    cheibrodos_zot_enchanting_chambers, layout_twisted_circle, st_stairs_4
Zot:4:    kennysheep_blocky_room, layout_onion
Zot:5:    layout_twisted_circle, ebering_ghost_xom, basic_altar

Notes
Turn   | Place    | Note
-------+----------+-------------------------------------------
     0 | D:1      | Skeral the Vine Stalker Brigand began the quest for the
                  | Orb.
     0 | D:1      | Reached XP level 1. HP: 11/11 MP: 2/2
     0 | D:1      | magus.rc [v1.10.3]
   169 | D:1      | Reached skill level 2 in Fighting
   169 | D:1      | Reached skill level 2 in Short Blades
   169 | D:1      | Reached skill level 2 in Throwing
   169 | D:1      | Reached skill level 5 in Stealth
   169 | D:1      | Reached XP level 2. HP: 15/15 MP: 3/3
   519 | D:1      | You pick up a book of Displacement and begin reading...
   519 | D:1      | You add the spells Lesser Beckoning, Gell's Gravitas and
                  | Teleport Other to your library.
   677 | D:1      | Reached XP level 3. HP: 16/18 MP: 4/4
   895 | D:2      | Noticed Robin
   907 | D:2      | Killed Robin
   999 | D:2      | Gained mutation: Your natural rate of healing is unusually
                  | fast. [Vine Stalker growth]
   999 | D:2      | Reached XP level 4. HP: 23/23 MP: 5/5
  1750 | D:3      | You pick up a book of Decay and begin reading...
  1750 | D:3      | You add the spells Cigotuvi's Dreadful Rot, Dispel Undead
                  | and Death Channel to your library.
  1765 | D:3      | Reached skill level 3 in Fighting
  1765 | D:3      | Reached XP level 5. HP: 28/28 MP: 6/6
  1830 | D:3      | Reached skill level 3 in Short Blades
  1830 | D:3      | Reached skill level 6 in Stealth
  1941 | D:3      | Noticed Ijyb
  1961 | D:3      | Killed Ijyb
  2032 | D:3      | magus.rc [v1.10.3]
  2032 | D:3      | magus.rc [v1.10.3]
  2229 | D:3      | Reached XP level 6. HP: 32/32 MP: 7/7
  2294 | D:3      | magus.rc [v1.10.3]
  2336 | D:4      | magus.rc [v1.10.3]
  2439 | D:4      | magus.rc [v1.10.3]
  2546 | D:4      | Reached skill level 4 in Fighting
  2546 | D:4      | Reached skill level 4 in Short Blades
  2814 | D:4      | Found a burning altar of Makhleb.
  2815 | D:4      | Found a shimmering altar of Xom.
  2839 | D:4      | Reached XP level 7. HP: 17/38 MP: 4/8
  2853 | D:4      | Found a stormy altar of Qazlal.
  2993 | D:4      | You pick up a book of Spatial Translocations and begin
                  | reading...
  2993 | D:4      | You add the spells Blink and Momentum Strike to your
                  | library.
  3208 | D:5      | Entered Level 5 of the Dungeon
  3332 | D:5      | Found a glowing drain.
  3342 | Sewer    | Entered a sewer
  3610 | Sewer    | Reached skill level 5 in Fighting
  3613 | Sewer    | Reached skill level 5 in Short Blades
  3728 | D:5      | Found a sand-covered staircase.
  3748 | Ossuary  | Entered an ossuary
  3792 | Ossuary  | Gained mutation: You have razor-sharp teeth. [Vine Stalker
                  | growth]
  3792 | Ossuary  | Reached XP level 8. HP: 43/44 MP: 7/9
  3881 | Ossuary  | Reached skill level 6 in Fighting
  3881 | Ossuary  | Reached skill level 6 in Short Blades
  3881 | Ossuary  | Reached skill level 1 in Dodging
  3986 | Ossuary  | Reached skill level 2 in Dodging
  4478 | D:6      | magus.rc [v1.10.3]
  4485 | D:6      | Reached XP level 9. HP: 48/49 MP: 8/10
  4496 | D:6      | Reached skill level 3 in Dodging
  4509 | D:6      | Found a staircase to the Ecumenical Temple.
  4516 | Temple   | Entered the Ecumenical Temple
  4525 | Temple   | Became a worshipper of Gozag Ym Sagoz the Greedy
  4559 | D:6      | Reached skill level 7 in Fighting
  4747 | D:6      | Found a blossoming altar of Fedhas.
  4770 | D:6      | Reached skill level 7 in Short Blades
  4831 | D:6      | Found a glowing golden altar of the Shining One.
  5066 | D:6      | Found a hide-covered altar of Uskayaw.
  5565 | D:6      | Reached skill level 4 in Dodging
  5699 | D:6      | Noticed Menkaure
  5719 | D:6      | Killed Menkaure
  5734 | D:6      | Found a snail-covered altar of Cheibriados.
  6001 | D:6      | Found a runed translucent door.
  6001 | D:6      | Noticed Crazy Yiuf
  6264 | D:7      | Found a flagged portal.
  6318 | Bailey   | Entered a bailey
  6340 | Bailey   | HP: 6/51 [ogre/+0 glaive (18)]
  6385 | Bailey   | Reached skill level 8 in Fighting
  6447 | Bailey   | Reached skill level 8 in Short Blades
  6447 | Bailey   | Reached XP level 10. HP: 54/56 MP: 9/11
  6519 | Bailey   | Noticed a two-headed ogre
  6532 | Bailey   | Killed a two-headed ogre
  6533 | Bailey   | Reached skill level 5 in Dodging
  6755 | D:7      | Reached skill level 1 in Armour
  6790 | D:7      | Reached skill level 9 in Fighting
  7054 | D:7      | Found Komiti Xyeco's Specific Store.
  7089 | D:7      | Found Xitoed's General Store.
  7097 | D:7      | Bought a scroll of noise for 11 gold pieces
  7097 | D:7      | Bought a scroll of identify for 22 gold pieces
  7101 | D:7      | Bought a +4 ring of protection for 396 gold pieces
  7193 | D:7      | Reached skill level 9 in Short Blades
  7196 | D:7      | magus.rc [v1.10.3]
  7262 | D:7      | Reached skill level 2 in Armour
  7640 | D:8      | Found a bloodstained altar of Trog.
  7706 | D:8      | Noticed Maurice
  7897 | D:8      | Reached skill level 3 in Armour
  7963 | D:8      | Noticed Joseph
  7973 | D:8      | magus.rc [v1.10.3]
  8010 | D:8      | Killed Joseph
  8011 | D:8      | Reached XP level 11. HP: 43/63 MP: 9/12
  8209 | D:8      | Killed Maurice
  8677 | D:9      | Noticed a two-headed ogre
  8717 | D:9      | Killed a two-headed ogre
  8718 | D:9      | Reached skill level 10 in Fighting
  8718 | D:9      | Reached skill level 1 in Long Blades
  8718 | D:9      | Reached skill level 4 in Armour
  8807 | D:9      | Found a staircase to the Lair.
  8884 | D:9      | You pick up a book of Iron and begin reading...
  8884 | D:9      | You add the spells Summon Lightning Spire, Animate Armour
                  | and Lee's Rapid Deconstruction to your library.
  9123 | D:9      | Upgraded the game from 0.31-a0-640-g39d97e502b to
                  | 0.31-a0-656-gb4d89c20fa
  9123 | D:9      | magus.rc [v1.10.3]
  9144 | D:9      | Paralysed by a hornet for 1 turns
  9148 | D:9      | Reached skill level 2 in Long Blades
  9302 | D:9      | Noticed a three-headed hydra
  9318 | D:9      | Killed a three-headed hydra
  9530 | D:9      | Reached skill level 3 in Long Blades
  9594 | D:9      | Reached skill level 5 in Armour
  9802 | D:10     | Entered Level 10 of the Dungeon
  9954 | D:10     | Reached skill level 4 in Long Blades
 10142 | D:10     | Found a staircase to the Orcish Mines.
 10145 | D:10     | Reached skill level 11 in Fighting
 10438 | D:10     | Reached XP level 12. HP: 70/70 MP: 13/13
 10519 | D:10     | Reached skill level 5 in Long Blades
 10889 | D:10     | You pick up a book of Winter and begin reading...
 10889 | D:10     | You add the spells Ozocubu's Armour and Metabolic
                  | Englaciation to your library.
 11163 | Lair:1   | Entered Level 1 of the Lair of Beasts
 11213 | Lair:1   | HP: 17/70 [cane toad (5)]
 11218 | Lair:1   | HP: 11/70 [poisoned by a cane toad]
 11224 | Lair:1   | HP: 12/70 [poisoned by a cane toad]
 11238 | Lair:1   | HP: 17/70 [blink frog (8)]
 11288 | Lair:1   | Reached skill level 6 in Long Blades
 11518 | Lair:1   | Identified the +4 morningstar of Amycky {drain, rC+ SInv}
 11724 | Lair:1   | Reached skill level 12 in Fighting
 11888 | Lair:1   | Reached skill level 7 in Long Blades
 11888 | Lair:1   | Reached skill level 1 in Evocations
 12037 | Lair:1   | Reached skill level 2 in Evocations
 12184 | Lair:2   | Noticed a seven-headed hydra
 12296 | Lair:2   | Reached skill level 3 in Evocations
 12370 | Lair:2   | Reached XP level 13. HP: 74/76 MP: 14/14
 12452 | Lair:2   | Reached skill level 8 in Long Blades
 12475 | Lair:2   | Reached skill level 4 in Evocations
 12648 | Lair:2   | Reached skill level 13 in Fighting
 12669 | Lair:2   | Found a staircase to the Snake Pit.
 12852 | Lair:2   | Reached skill level 5 in Evocations
 13320 | Lair:3   | Found a blossoming altar of Fedhas.
 13335 | Lair:3   | magus.rc [v1.10.3]
 13520 | Lair:3   | Reached skill level 9 in Long Blades
 13668 | Lair:3   | You pick up a book of Frost and begin reading...
 13668 | Lair:3   | You add the spells Freeze, Frozen Ramparts and Hailstorm to
                  | your library.
 13755 | Lair:3   | Found a staircase to the Swamp.
 13950 | Lair:4   | Reached skill level 6 in Evocations
 14440 | Lair:4   | Found a dark tunnel.
 14457 | Volcano  | Entered a volcano
 14693 | Lair:4   | Reached skill level 10 in Long Blades
 14777 | Lair:4   | Reached XP level 14. HP: 82/83 MP: 15/15
 14845 | Lair:4   | Reached skill level 14 in Fighting
 15017 | Lair:5   | Entered Level 5 of the Lair of Beasts
 15018 | Lair:5   | magus.rc [v1.10.3]
 15351 | Lair:5   | HP: 16/84 [fire dragon/blast of flame (35)]
 15527 | Lair:5   | Identified the ring "Gaxuna" {*Slow rPois MP+9 Str-2 Int+6
                  | Dex+3}
 15552 | Lair:5   | Learned a level 2 spell: Blink
 15743 | Lair:5   | Noticed Josephine
 15744 | Lair:5   | Reached skill level 11 in Long Blades
 15749 | Lair:5   | Killed Josephine
 15891 | Lair:5   | Found a staircase to the Slime Pits.
 15905 | Lair:5   | Found a viscous altar of Jiyva.
 16102 | Lair:5   | Reached skill level 15 in Fighting
 16448 | Lair:3   | Found a runed translucent door.
 16448 | Lair:3   | Noticed Rupert
 16696 | Orc:1    | Entered Level 1 of the Orcish Mines
 16896 | Orc:1    | Reached skill level 1 in Shields
 17109 | Orc:2    | Entered Level 2 of the Orcish Mines
 17142 | Orc:2    | Found a frozen archway.
 17322 | Orc:2    | Reached skill level 2 in Shields
 17349 | IceCv    | Entered an ice cave
 17602 | IceCv    | Reached skill level 12 in Long Blades
 17704 | IceCv    | Reached skill level 3 in Shields
 17710 | IceCv    | Reached XP level 15. HP: 75/90 MP: 12/16
 17780 | IceCv    | HP: 22/90 [reaper/+0 scythe of freezing (4)]
 18457 | Orc:2    | Found a staircase to the Elven Halls.
 18689 | Orc:2    | Found Keujussu's Weapon Shop.
 18689 | Orc:2    | Found Xituaf's Book Shoppe.
 18691 | Orc:2    | Found Voetsudd's Distillery.
 18693 | Orc:2    | Found Nenkabb's Book Boutique.
 18703 | Orc:2    | Bought a potion of mutation for 96 gold pieces
 18904 | D:11     | Noticed Amaemon
 18915 | D:11     | Killed Amaemon
 18918 | D:11     | Reached skill level 4 in Shields
 19421 | D:11     | Upgraded the game from 0.31-a0-656-gb4d89c20fa to
                  | 0.31-a0-667-g39726597b9
 19421 | D:11     | magus.rc [v1.10.3]
 19515 | D:12     | Found Joxoac's General Store.
 19528 | D:12     | Bought a scroll of butterflies for 64 gold pieces
 19528 | D:12     | Bought a scroll of butterflies for 64 gold pieces
 19528 | D:12     | Bought a scroll of identify for 32 gold pieces
 19528 | D:12     | Bought a scroll of identify for 32 gold pieces
 20555 | D:13     | Reached skill level 5 in Shields
 20555 | D:13     | Reached skill level 1 in Translocations
 20814 | D:13     | Found a gate to the Vaults.
 20890 | D:13     | Reached skill level 2 in Translocations
 21104 | D:13     | Found a portal to a secret trove of treasure.
 21286 | D:14     | Found Roured's Antique Armour Shoppe.
 21296 | D:14     | Reached skill level 16 in Fighting
 21318 | D:14     | Bought a pair of embroidered gloves for 165 gold pieces
 21562 | D:14     | Reached skill level 3 in Translocations
 21626 | D:14     | Noticed Nessos
 21891 | D:14     | Killed Nessos
 21972 | D:15     | Entered Level 15 of the Dungeon
 22025 | D:15     | Reached skill level 6 in Shields
 22036 | D:15     | Bought a potion of might for 56 gold pieces
 22036 | D:15     | Bought the +7 ring mail of the Feeding Gods {rC+ Int+7 SInv
                  | Stlth-} for 987 gold pieces
 22128 | D:15     | Noticed Azrael
 22160 | D:15     | Killed Azrael
 22195 | D:15     | Reached skill level 4 in Translocations
 22353 | D:15     | Found Hykehus's General Store.
 22615 | D:15     | You are cast into the Abyss!
 22615 | Abyss:2  | Cast into level 2 of the Abyss (a wizard)
 22616 | Abyss:2  | Found a corrupted altar of Lugonu.
 22733 | Abyss:2  | Noticed a tentacled starspawn
 22742 | Abyss:2  | Killed a tentacled starspawn
 22743 | Abyss:2  | Reached XP level 16. HP: 81/97 MP: 15/17
 22774 | Abyss:2  | Found a corrupted altar of Lugonu.
 22789 | Abyss:2  | Reached skill level 7 in Shields
 22851 | Abyss:2  | Found a corrupted altar of Lugonu.
 23098 | Abyss:2  | HP: 9/97 [lorocyproca (17)]
 23098 | Abyss:2  | HP: 4/97 [small abomination (5)]
 23186 | Abyss:2  | HP: 21/97 [salamander/+1 trident (19)]
 23252 | D:15     | You pass through the gate.
 23252 | D:15     | Escaped the Abyss
 23269 | D:15     | Reached skill level 8 in Shields
 23324 | D:15     | Found a staircase to the Depths.
 23594 | Swamp:1  | Entered Level 1 of the Swamp
 23665 | Swamp:1  | Reached skill level 17 in Fighting
 24002 | Swamp:1  | Reached skill level 9 in Shields
 24500 | Swamp:2  | Upgraded the game from 0.31-a0-667-g39726597b9 to
                  | 0.31-a0-672-g7da72447bb
 24500 | Swamp:2  | magus.rc [v1.10.3]
 25036 | Swamp:3  | HP: 19/99 [poison (poison gas)]
 25037 | Swamp:3  | HP: 5/100 [poison (poison gas)]
 25057 | Swamp:3  | HP: 15/100 [bunyip (13)]
 25215 | Swamp:3  | Reached skill level 10 in Shields
 25494 | Swamp:4  | Entered Level 4 of the Swamp
 25584 | Swamp:4  | Reached XP level 17. HP: 87/104 MP: 13/19
 25620 | Swamp:4  | Reached skill level 1 in Spellcasting
 25622 | Swamp:4  | HP: 25/104 [constriction (7)]
 26044 | Swamp:4  | Reached skill level 2 in Spellcasting
 26088 | Swamp:3  | HP: 25/104 [poison (poison gas)]
 26093 | Swamp:3  | HP: 15/104 [poison (poison gas)]
 26098 | Swamp:3  | HP: 16/104 [poison (poison gas)]
 26337 | Swamp:4  | Reached skill level 5 in Translocations
 26404 | Swamp:4  | Reached skill level 18 in Fighting
 26523 | Swamp:4  | HP: 25/102 [poisoned by a death drake (dark miasma)]
 26636 | Swamp:4  | Reached skill level 3 in Throwing
 26783 | Swamp:4  | Noticed a bone dragon
 26851 | Swamp:4  | Killed a bone dragon
 26852 | Swamp:4  | Reached skill level 6 in Dodging
 26871 | Swamp:4  | Got a decaying rune of Zot
 27095 | Snake:1  | Entered Level 1 of the Snake Pit
 27188 | Snake:1  | Found a runed translucent gate.
 27241 | Snake:1  | Noticed Louise
 27532 | Vaults:1 | Entered Level 1 of the Vaults
 27566 | Vaults:1 | Reached skill level 4 in Throwing
 27589 | Vaults:1 | Reached skill level 11 in Shields
 27812 | Vaults:1 | Found a crumbling gateway.
 27849 | Vaults:1 | Bought a scroll of teleportation for 45 gold pieces
 27849 | Vaults:1 | Bought a scroll of fear for 60 gold pieces
 27858 | Vaults:1 | Noticed Aizul
 27895 | Vaults:1 | HP: 24/105 [Aizul/poison arrow (31)]
 27900 | Vaults:1 | Killed Aizul
 27952 | Desolati | Entered the Desolation of Salt
 28103 | Desolati | Reached skill level 5 in Throwing
 28119 | Desolati | Reached skill level 7 in Dodging
 28131 | Desolati | Reached XP level 18. HP: 73/110 MP: 22/22
 28451 | Desolati | a +0 double sword {rare}; a +0 leather armour
 28464 | Desolati | a +0 double sword {rare}; a +0 leather armour
 28483 | Desolati | a +0 double sword {rare}; a +0 leather armour
 28483 | Desolati | f - a +0 double sword {rare}
 28497 | Desolati | Identified the scarf "Kimuptaz" {+Inv, -Tele rElec Dex+4}
 28506 | Desolati | Identified the +0 leather armour "Voofu" {Str+3}
 28516 | Desolati | Identified the +10 broad axe of the Horn {drain, rF- rC+
                  | Str-5 Int+9}
 28527 | Desolati | Identified the +10 orcbow "Luteicw" {flame, rN+}
 28530 | Desolati | You add the spells Sticky Flame, Iskenderun's Battlesphere
                  | and Arcjolt to your library.
 28530 | Desolati | Got the Vellum of Conjuration
 28681 | Desolati | You add the spells Iskenderun's Mystic Blast and Summon
                  | Hydra to your library.
 28681 | Desolati | Got the Vellum of Wild Adjuration
 28686 | Desolati | You pick up a book of the Senses and begin reading...
 28686 | Desolati | You add the spells Dazzling Flash, Agony and Silence to
                  | your library.
 28693 | Desolati | Identified the ring "Utyoschizett" {Fire rPois Dex+3
                  | Stlth+}
 28696 | Desolati | You add the spells Scorch, Fireball and Polar Vortex to
                  | your library.
 28696 | Desolati | Got the Papyrus of Azure Accelerants
 28697 | Desolati | Identified the orb of Resonance {light, Harm +Blink Int+8}
 29013 | Desolati | Reached skill level 7 in Stealth
 29110 | Desolati | Reached skill level 6 in Throwing
 29152 | Desolati | You add the spells Wereblood, Volatile Blastmotes, Passage
                  | of Golubria and Eringya's Noxious Bog to your library.
 29152 | Desolati | Got Ekaomuppar's Almanac of the Twisted Shapeshifter
 29177 | Desolati | Identified the +6 chain mail of Apathy {Int+5}
 29196 | Desolati | Identified the ring "Lobb" {rF- rC+ rN+ Int+7 Dex-4}
 29199 | Desolati | Identified the ring of Kakk {rPois AC+4}
 29429 | Vaults:1 | HP: 18/110 [lindwurm/blast of flame (36)]
 29457 | Vaults:1 | Reached skill level 13 in Long Blades
 29723 | Vaults:1 | Reached skill level 12 in Shields
 29741 | Vaults:1 | Reached skill level 8 in Stealth
 29754 | Vaults:1 | Reached skill level 8 in Dodging
 29869 | Vaults:1 | You pick up a book of Dreams and begin reading...
 29869 | Vaults:1 | You add the spells Ensorcelled Hibernation and Anguish to
                  | your library.
 29971 | Vaults:1 | HP: 11/111 [crystal guardian/crystal bolt[a peacekeeper]
                  | (33)]
 30119 | Vaults:1 | You pick up a book of Necromancy and begin reading...
 30119 | Vaults:1 | You add the spells Necrotise and Vampiric Draining to your
                  | library.
 30264 | Vaults:1 | Reached skill level 19 in Fighting
 30678 | Vaults:2 | Reached XP level 19. HP: 105/116 MP: 23/23
 30772 | Vaults:2 | magus.rc [v1.10.3]
 30877 | Vaults:2 | Found a staircase to the Crypt.
 31120 | Vaults:2 | Reached skill level 9 in Dodging
 31336 | Vaults:2 | Found Xaeramnu's Antique Weapon Emporium.
 31804 | Vaults:2 | your +0 double sword {rare} glows red for a moment.
 31805 | Vaults:2 | your +1 double sword {rare} acquires a faint afterimage.
 31805 | Vaults:2 | f - a +1 spectral double sword {rare}
 31809 | Vaults:2 | You feel a bond with your +1 spectral double sword {rare}.
 31809 | Vaults:2 | f - a +1 spectral double sword (weapon) {rare}
 31879 | Vaults:2 | your +1 spectral double sword {rare} hits the slime
                  | creature!
 31880 | Vaults:2 | your +1 spectral double sword {rare} disappears.
 31882 | Vaults:2 | your +1 spectral double sword {rare} hits the slime
                  | creature!
 31883 | Vaults:2 | your +1 spectral double sword {rare} hits the slime
                  | creature!
 31884 | Vaults:2 | your +1 spectral double sword {rare} hits the slime
                  | creature.
 31885 | Vaults:2 | your +1 spectral double sword {rare} hits the slime
                  | creature!!
 31886 | Vaults:2 | your +1 spectral double sword {rare} disappears.
 32029 | Vaults:2 | your +1 spectral double sword {rare} hits the obsidian
                  | statue!
 32030 | Vaults:2 | your +1 spectral double sword {rare} hits the obsidian
                  | statue!
 32031 | Vaults:2 | your +1 spectral double sword {rare} disappears.
 32281 | Vaults:3 | Reached skill level 14 in Long Blades
 32320 | Vaults:3 | your +1 spectral double sword {rare} completely misses the
                  | vault sentinel.
 32321 | Vaults:3 | your +1 spectral double sword {rare} hits the vault
                  | sentinel but does no damage.
 32322 | Vaults:3 | your +1 spectral double sword {rare} closely misses the
                  | vault sentinel.
 32323 | Vaults:3 | your +1 spectral double sword {rare} disappears.
 32363 | Vaults:3 | your +1 spectral double sword {rare} hits the ironbound
                  | thunderhulk!
 32364 | Vaults:3 | your +1 spectral double sword {rare} hits the ironbound
                  | thunderhulk.
 32365 | Vaults:3 | your +1 spectral double sword {rare} hits the ironbound
                  | thunderhulk!
 32366 | Vaults:3 | your +1 spectral double sword {rare} disappears.
 32404 | Vaults:3 | your +1 spectral double sword {rare} barely misses the
                  | great orb of eyes.
 32404 | Vaults:3 | the ironbound preserver hits your +1 spectral double sword
                  | {rare} with a +0 mace!
 32405 | Vaults:3 | your +1 spectral double sword {rare} hits the great orb of
                  | eyes.
 32405 | Vaults:3 | the ironbound preserver hits your +1 spectral double sword
                  | {rare} with a +0 mace!!
 32405 | Vaults:3 | your +1 spectral double sword {rare} disappears.
 32406 | Vaults:3 | your +1 spectral double sword {rare} hits the great orb of
                  | eyes!!
 32407 | Vaults:3 | your +1 spectral double sword {rare} hits the great orb of
                  | eyes.
 32407 | Vaults:3 | the great orb of eyes bites your +1 spectral double sword
                  | {rare}!
 32408 | Vaults:3 | your +1 spectral double sword {rare} disappears.
 32409 | Vaults:3 | your +1 spectral double sword {rare} hits the ironbound
                  | preserver!!!
 32410 | Vaults:3 | your +1 spectral double sword {rare} disappears.
 32412 | Vaults:3 | your +1 spectral double sword {rare} barely misses the
                  | ironbound thunderhulk.
 32413 | Vaults:3 | your +1 spectral double sword {rare} hits the ironbound
                  | thunderhulk!
 32414 | Vaults:3 | your +1 spectral double sword {rare} hits the ironbound
                  | thunderhulk!!
 32415 | Vaults:3 | your +1 spectral double sword {rare} disappears.
 32418 | Vaults:3 | your +1 spectral double sword {rare} hits the slime
                  | creature!
 32419 | Vaults:3 | your +1 spectral double sword {rare} hits the slime
                  | creature!!
 32420 | Vaults:3 | your +1 spectral double sword {rare} disappears.
 32423 | Vaults:3 | your +1 spectral double sword {rare} hits the ironbound
                  | thunderhulk!
 32424 | Vaults:3 | your +1 spectral double sword {rare} disappears.
 32429 | Vaults:3 | your +1 spectral double sword {rare} hits the ironbound
                  | convoker!
 32430 | Vaults:3 | your +1 spectral double sword {rare} barely misses the
                  | ironbound convoker.
 32431 | Vaults:3 | your +1 spectral double sword {rare} hits the ironbound
                  | convoker!
 32431 | Vaults:3 | the ironbound preserver hits your +1 spectral double sword
                  | {rare} with a +0 dire flail!!!
 32431 | Vaults:3 | your +1 spectral double sword {rare} disappears.
 32433 | Vaults:3 | your +1 spectral double sword {rare} hits the ironbound
                  | preserver.
 32433 | Vaults:3 | the bolt closely misses your +1 spectral double sword
                  | {rare}.
 32433 | Vaults:3 | the vault sentinel hits your +1 spectral double sword
                  | {rare} with a +0 morningstar!!
 32434 | Vaults:3 | your +1 spectral double sword {rare} hits the sphinx!
 32435 | Vaults:3 | your +1 spectral double sword {rare} hits the sphinx!
 32436 | Vaults:3 | your +1 spectral double sword {rare} hits the sphinx!!
 32437 | Vaults:3 | your +1 spectral double sword {rare} hits the vault
                  | sentinel!
 32438 | Vaults:3 | your +1 spectral double sword {rare} hits the vault
                  | sentinel!
 32439 | Vaults:3 | your +1 spectral double sword {rare} hits the vault
                  | sentinel!
 32440 | Vaults:3 | your +1 spectral double sword {rare} disappears.
 32443 | Vaults:3 | your +1 spectral double sword {rare} hits the yaktaur!
 32444 | Vaults:3 | your +1 spectral double sword {rare} hits the yaktaur!
 32445 | Vaults:3 | your +1 spectral double sword {rare} hits the ironbound
                  | preserver!
 32446 | Vaults:3 | your +1 spectral double sword {rare} disappears.
 32447 | Vaults:3 | your +1 spectral double sword {rare} hits the ironbound
                  | convoker!!
 32447 | Vaults:3 | the ironbound convoker hits your +1 spectral double sword
                  | {rare} with a +0 great mace!
 32448 | Vaults:3 | your +1 spectral double sword {rare} hits the ironbound
                  | convoker!!
 32449 | Vaults:3 | your +1 spectral double sword {rare} hits the ironbound
                  | thunderhulk!!
 32450 | Vaults:3 | your +1 spectral double sword {rare} hits the ironbound
                  | thunderhulk!!
 32450 | Vaults:3 | the ironbound thunderhulk hits your +1 spectral double
                  | sword {rare} with a +0 dire flail!
 32451 | Vaults:3 | your +1 spectral double sword {rare} hits the ironbound
                  | thunderhulk but does no damage.
 32451 | Vaults:3 | the ironbound thunderhulk barely misses your +1 spectral
                  | double sword {rare}.
 32452 | Vaults:3 | your +1 spectral double sword {rare} barely misses the
                  | ironbound thunderhulk.
 32453 | Vaults:3 | your +1 spectral double sword {rare} disappears.
 32629 | Vaults:3 | your +1 spectral double sword {rare} closely misses the
                  | vault sentinel.
 32630 | Vaults:3 | your +1 spectral double sword {rare} closely misses the
                  | vault sentinel.
 32630 | Vaults:3 | the vault sentinel hits your +1 spectral double sword
                  | {rare} with a +0 war axe!
 32631 | Vaults:3 | your +1 spectral double sword {rare} hits the vault
                  | sentinel!!
 32632 | Vaults:3 | your +1 spectral double sword {rare} disappears.
 32657 | Vaults:3 | your +1 spectral double sword {rare} hits the yaktaur
                  | captain!
 32658 | Vaults:3 | your +1 spectral double sword {rare} disappears.
 32660 | Vaults:3 | your +1 spectral double sword {rare} hits the yaktaur!!!
 32661 | Vaults:3 | your +1 spectral double sword {rare} hits the yaktaur!!
 32662 | Vaults:3 | your +1 spectral double sword {rare} disappears.
 32669 | Vaults:3 | your +1 spectral double sword {rare} barely misses the
                  | vault sentinel.
 32670 | Vaults:3 | your +1 spectral double sword {rare} hits the vault
                  | sentinel but does no damage.
 32671 | Vaults:3 | your +1 spectral double sword {rare} hits the vault
                  | sentinel!!
 32672 | Vaults:3 | your +1 spectral double sword {rare} hits the vault
                  | sentinel!
 32673 | Vaults:3 | your +1 spectral double sword {rare} disappears.
 32714 | Vaults:3 | your +1 spectral double sword {rare} hits the deep troll!!
 32715 | Vaults:3 | your +1 spectral double sword {rare} closely misses the
                  | deep troll.
 32716 | Vaults:3 | your +1 spectral double sword {rare} closely misses the
                  | deep troll.
 32717 | Vaults:3 | your +1 spectral double sword {rare} hits the deep troll!!
 32718 | Vaults:3 | your +1 spectral double sword {rare} hits the deep troll
                  | but does no damage.
 32718 | Vaults:3 | the deep troll barely misses your +1 spectral double sword
                  | {rare}.
 32718 | Vaults:3 | the deep troll closely misses your +1 spectral double sword
                  | {rare}.
 32718 | Vaults:3 | the deep troll claws your +1 spectral double sword {rare}!
 32719 | Vaults:3 | your +1 spectral double sword {rare} hits the deep troll.
 32720 | Vaults:3 | your +1 spectral double sword {rare} barely misses the deep
                  | troll.
 32721 | Vaults:3 | your +1 spectral double sword {rare} disappears.
 32745 | Vaults:3 | your +1 spectral double sword {rare} hits the deep troll!!
 32746 | Vaults:3 | your +1 spectral double sword {rare} hits the deep troll!
 32747 | Vaults:3 | your +1 spectral double sword {rare} hits the deep troll
                  | but does no damage.
 32748 | Vaults:3 | your +1 spectral double sword {rare} disappears.
 32868 | Vaults:3 | your +1 spectral double sword {rare} barely misses the
                  | ironbound preserver.
 32869 | Vaults:3 | your +1 spectral double sword {rare} hits the ironbound
                  | preserver!
 32870 | Vaults:3 | your +1 spectral double sword {rare} hits the ironbound
                  | preserver but does no damage.
 32871 | Vaults:3 | your +1 spectral double sword {rare} hits the ironbound
                  | preserver!!
 32872 | Vaults:3 | your +1 spectral double sword {rare} disappears.
 32873 | Vaults:3 | your +1 spectral double sword {rare} hits the deep troll!!
 32874 | Vaults:3 | your +1 spectral double sword {rare} disappears.
 32875 | Vaults:3 | your +1 spectral double sword {rare} barely misses the deep
                  | troll.
 32876 | Vaults:3 | your +1 spectral double sword {rare} closely misses the
                  | deep troll.
 32877 | Vaults:3 | your +1 spectral double sword {rare} hits the deep troll
                  | but does no damage.
 32878 | Vaults:3 | your +1 spectral double sword {rare} completely misses the
                  | deep troll.
 32878 | Vaults:3 | the deep troll bites your +1 spectral double sword {rare}!
 32878 | Vaults:3 | the deep troll completely misses your +1 spectral double
                  | sword {rare}.
 32878 | Vaults:3 | the deep troll barely misses your +1 spectral double sword
                  | {rare}.
 32878 | Vaults:3 | the deep troll completely misses your +1 spectral double
                  | sword {rare}.
 32878 | Vaults:3 | the deep troll claws your +1 spectral double sword {rare}.
 32878 | Vaults:3 | the deep troll claws your +1 spectral double sword {rare}!
 32878 | Vaults:3 | your +1 spectral double sword {rare} disappears.
 32879 | Vaults:3 | your +1 spectral double sword {rare} hits the deep troll.
 32880 | Vaults:3 | your +1 spectral double sword {rare} hits the deep troll!!
 32880 | Vaults:3 | the ironbound convoker barely misses your +1 spectral
                  | double sword {rare}.
 32881 | Vaults:3 | your +1 spectral double sword {rare} hits the deep troll!
 32882 | Vaults:3 | your +1 spectral double sword {rare} barely misses the deep
                  | troll.
 32883 | Vaults:3 | your +1 spectral double sword {rare} disappears.
 32884 | Vaults:3 | your +1 spectral double sword {rare} hits the ironbound
                  | convoker.
 32885 | Vaults:3 | your +1 spectral double sword {rare} hits the ironbound
                  | convoker!
 32886 | Vaults:3 | your +1 spectral double sword {rare} disappears.
 32887 | Vaults:3 | your +1 spectral double sword {rare} completely misses the
                  | deep troll.
 32888 | Vaults:3 | your +1 spectral double sword {rare} disappears.
 32891 | Vaults:3 | your +1 spectral double sword {rare} hits the deep troll!
 32892 | Vaults:3 | your +1 spectral double sword {rare} hits the deep troll!!
 32893 | Vaults:3 | your +1 spectral double sword {rare} disappears.
 32941 | Vaults:3 | your +1 spectral double sword {rare} barely misses the
                  | vault sentinel.
 32941 | Vaults:3 | the vault sentinel barely misses your +1 spectral double
                  | sword {rare}.
 32942 | Vaults:3 | your +1 spectral double sword {rare} hits the vault
                  | sentinel but does no damage.
 32943 | Vaults:3 | your +1 spectral double sword {rare} hits the vault
                  | sentinel!!
 32944 | Vaults:3 | your +1 spectral double sword {rare} hits the vault
                  | sentinel!!
 32945 | Vaults:3 | your +1 spectral double sword {rare} disappears.
 32948 | Vaults:3 | your +1 spectral double sword {rare} hits the lindwurm.
 32949 | Vaults:3 | your +1 spectral double sword {rare} hits the lindwurm!
 32950 | Vaults:3 | your +1 spectral double sword {rare} hits the lindwurm but
                  | does no damage.
 32951 | Vaults:3 | your +1 spectral double sword {rare} disappears.
 32956 | Vaults:3 | your +1 spectral double sword {rare} hits the lindwurm.
 32957 | Vaults:3 | your +1 spectral double sword {rare} hits the lindwurm!
 32958 | Vaults:3 | your +1 spectral double sword {rare} hits the lindwurm!!
 32959 | Vaults:3 | your +1 spectral double sword {rare} disappears.
 32961 | Vaults:3 | your +1 spectral double sword {rare} hits the lindwurm!!
 32962 | Vaults:3 | your +1 spectral double sword {rare} disappears.
 33020 | Vaults:3 | your +1 spectral double sword {rare} hits the crystal
                  | guardian.
 33021 | Vaults:3 | your +1 spectral double sword {rare} hits the crystal
                  | guardian.
 33022 | Vaults:3 | your +1 spectral double sword {rare} hits the crystal
                  | guardian.
 33023 | Vaults:3 | your +1 spectral double sword {rare} hits the crystal
                  | guardian.
 33024 | Vaults:3 | your +1 spectral double sword {rare} hits the peacekeeper.
 33025 | Vaults:3 | your +1 spectral double sword {rare} hits the crystal
                  | guardian but does no damage.
 33026 | Vaults:3 | your +1 spectral double sword {rare} hits the crystal
                  | guardian but does no damage.
 33026 | Vaults:3 | the crystal guardian hits your +1 spectral double sword
                  | {rare}!!
 33027 | Vaults:3 | your +1 spectral double sword {rare} hits the crystal
                  | guardian.
 33028 | Vaults:3 | your +1 spectral double sword {rare} disappears.
 33029 | Vaults:3 | your +1 spectral double sword {rare} hits the peacekeeper.
 33029 | Vaults:3 | the peacekeeper bites your +1 spectral double sword {rare}!
 33029 | Vaults:3 | the peacekeeper claws your +1 spectral double sword {rare}!
 33030 | Vaults:3 | your +1 spectral double sword {rare} hits the peacekeeper.
 33031 | Vaults:3 | your +1 spectral double sword {rare} disappears.
 33033 | Vaults:3 | your +1 spectral double sword {rare} hits the lindwurm!
 33034 | Vaults:3 | your +1 spectral double sword {rare} hits the lindwurm!
 33035 | Vaults:3 | your +1 spectral double sword {rare} disappears.
 33038 | Vaults:3 | your +1 spectral double sword {rare} hits the lindwurm!!
 33038 | Vaults:3 | the lindwurm barely misses your +1 spectral double sword
                  | {rare}.
 33038 | Vaults:3 | the lindwurm misses your +1 spectral double sword {rare}.
 33038 | Vaults:3 | the lindwurm claws your +1 spectral double sword {rare}.
 33039 | Vaults:3 | your +1 spectral double sword {rare} hits the lindwurm!!
 33040 | Vaults:3 | your +1 spectral double sword {rare} disappears.
 33127 | Vaults:3 | your +1 spectral double sword {rare} closely misses the
                  | ironbound convoker.
 33128 | Vaults:3 | your +1 spectral double sword {rare} barely misses the
                  | ironbound convoker.
 33129 | Vaults:3 | your +1 spectral double sword {rare} disappears.
 33177 | Vaults:3 | your +1 spectral double sword {rare} hits the ironbound
                  | thunderhulk!!
 33178 | Vaults:3 | your +1 spectral double sword {rare} barely misses the
                  | ironbound thunderhulk.
 33179 | Vaults:3 | your +1 spectral double sword {rare} disappears.
 33189 | Vaults:3 | your +1 spectral double sword {rare} hits the ironbound
                  | preserver!
 33190 | Vaults:3 | your +1 spectral double sword {rare} hits the ironbound
                  | preserver!!
 33190 | Vaults:3 | the ironbound preserver barely misses your +1 spectral
                  | double sword {rare}.
 33191 | Vaults:3 | your +1 spectral double sword {rare} disappears.
 33198 | Vaults:3 | your +1 spectral double sword {rare} hits the vault warden
                  | but does no damage.
 33199 | Vaults:3 | your +1 spectral double sword {rare} hits the vault warden!
 33199 | Vaults:3 | the ironbound frostheart touches your +1 spectral double
                  | sword {rare}!
 33199 | Vaults:3 | the ironbound frostheart freezes your +1 spectral double
                  | sword {rare}.
 33199 | Vaults:3 | your +1 spectral double sword {rare} resists.
 33200 | Vaults:3 | your +1 spectral double sword {rare} hits the ironbound
                  | frostheart!
 33201 | Vaults:3 | your +1 spectral double sword {rare} hits the vault warden.
 33202 | Vaults:3 | your +1 spectral double sword {rare} hits the vault warden!
 33202 | Vaults:3 | the vault warden hits your +1 spectral double sword {rare}
                  | with a +0 glaive!!
 33202 | Vaults:3 | your +1 spectral double sword {rare} disappears.
 33203 | Vaults:3 | your +1 spectral double sword {rare} hits the vault warden!
 33204 | Vaults:3 | Reached skill level 10 in Dodging
 33204 | Vaults:3 | your +1 spectral double sword {rare} hits the ironbound
                  | frostheart.
 33205 | Vaults:3 | your +1 spectral double sword {rare} disappears.
 33206 | Vaults:3 | your +1 spectral double sword {rare} hits the ironbound
                  | preserver!!
 33207 | Vaults:3 | your +1 spectral double sword {rare} barely misses the
                  | ironbound preserver.
 33207 | Vaults:3 | HP: 25/117 [ironbound preserver/+0 dire flail (8)]
 33208 | Vaults:3 | your +1 spectral double sword {rare} disappears.
 33303 | Vaults:3 | your +1 spectral double sword {rare} hits the lindwurm!
 33304 | Vaults:3 | your +1 spectral double sword {rare} hits the lindwurm but
                  | does no damage.
 33304 | Vaults:3 | the lindwurm completely misses your +1 spectral double
                  | sword {rare}.
 33304 | Vaults:3 | the lindwurm claws your +1 spectral double sword {rare}.
 33304 | Vaults:3 | the lindwurm closely misses your +1 spectral double sword
                  | {rare}.
 33305 | Vaults:3 | your +1 spectral double sword {rare} hits the lindwurm.
 33306 | Vaults:3 | your +1 spectral double sword {rare} hits the lindwurm but
                  | does no damage.
 33306 | Vaults:3 | the lindwurm closely misses your +1 spectral double sword
                  | {rare}.
 33306 | Vaults:3 | the lindwurm claws your +1 spectral double sword {rare}.
 33306 | Vaults:3 | the lindwurm claws your +1 spectral double sword {rare}.
 33307 | Vaults:3 | your +1 spectral double sword {rare} disappears.
 33318 | Vaults:3 | your +1 spectral double sword {rare} hits the yaktaur
                  | captain!
 33319 | Vaults:3 | your +1 spectral double sword {rare} hits the yaktaur
                  | captain!
 33320 | Vaults:3 | your +1 spectral double sword {rare} disappears.
 33350 | Vaults:3 | your +1 spectral double sword {rare} hits the deep elf
                  | death mage!!
 33351 | Vaults:3 | your +1 spectral double sword {rare} hits the deep elf
                  | death mage.
 33352 | Vaults:3 | your +1 spectral double sword {rare} hits the ghostly deep
                  | elf death mage!!
 33353 | Vaults:3 | your +1 spectral double sword {rare} barely misses the
                  | ghostly deep elf death mage.
 33353 | Vaults:3 | the orc warlord closely misses your +1 spectral double
                  | sword {rare}.
 33354 | Vaults:3 | your +1 spectral double sword {rare} hits the ghostly deep
                  | elf death mage!
 33354 | Vaults:3 | the orc warlord hits your +1 spectral double sword {rare}
                  | with a +0 great sword!
 33354 | Vaults:3 | the ettin hits your +1 spectral double sword {rare} with a
                  | +0 dire flail!!
 33354 | Vaults:3 | your +1 spectral double sword {rare} disappears.
 33355 | Vaults:3 | your +1 spectral double sword {rare} hits the ghostly deep
                  | elf death mage!
 33355 | Vaults:3 | the ettin hits your +1 spectral double sword {rare} with a
                  | +0 dire flail!
 33355 | Vaults:3 | the ettin barely misses your +1 spectral double sword
                  | {rare}.
 33356 | Vaults:3 | your +1 spectral double sword {rare} hits the orc warlord.
 33356 | Vaults:3 | the ettin hits your +1 spectral double sword {rare} with a
                  | +0 dire flail!!!
 33356 | Vaults:3 | your +1 spectral double sword {rare} disappears.
 33357 | Vaults:3 | your +1 spectral double sword {rare} hits the orc warlord!
 33358 | Vaults:3 | your +1 spectral double sword {rare} hits the orc
                  | warlord!!!
 33359 | Vaults:3 | your +1 spectral double sword {rare} hits the orc warlord.
 33360 | Vaults:3 | your +1 spectral double sword {rare} hits the ettin!
 33361 | Vaults:3 | your +1 spectral double sword {rare} hits the ettin.
 33362 | Vaults:3 | your +1 spectral double sword {rare} disappears.
 33366 | Vaults:3 | your +1 spectral double sword {rare} hits the ettin but
                  | does no damage.
 33367 | Vaults:3 | your +1 spectral double sword {rare} hits the ettin!!
 33368 | Vaults:3 | your +1 spectral double sword {rare} disappears.
 33369 | Vaults:3 | your +1 spectral double sword {rare} hits the orc warlord
                  | but does no damage.
 33370 | Vaults:3 | your +1 spectral double sword {rare} hits the orc warlord.
 33370 | Vaults:3 | the orc warlord hits your +1 spectral double sword {rare}
                  | with a +0 great sword!
 33371 | Vaults:3 | your +1 spectral double sword {rare} hits the orc warlord.
 33372 | Vaults:3 | your +1 spectral double sword {rare} disappears.
 33438 | Vaults:3 | your +1 spectral double sword {rare} hits the yaktaur
                  | captain!!
 33439 | Vaults:3 | your +1 spectral double sword {rare} hits the yaktaur
                  | captain but does no damage.
 33439 | Vaults:3 | the vault warden hits your +1 spectral double sword {rare}
                  | with a +3 war axe of flaming!!
 33439 | Vaults:3 | the yaktaur captain barely misses your +1 spectral double
                  | sword {rare}.
 33440 | Vaults:3 | your +1 spectral double sword {rare} hits the yaktaur
                  | captain!
 33440 | Vaults:3 | the vault warden hits your +1 spectral double sword {rare}
                  | with a +3 war axe of flaming!!
 33440 | Vaults:3 | your +1 spectral double sword {rare} disappears.
 33443 | Vaults:3 | the vault warden blocks your +1 spectral double sword
                  | {rare}'s attack.
 33443 | Vaults:3 | the vault warden hits your +1 spectral double sword {rare}
                  | with a +3 war axe of flaming!
 33444 | Vaults:3 | your +1 spectral double sword {rare} hits the vault warden
                  | but does no damage.
 33445 | Vaults:3 | your +1 spectral double sword {rare} hits the vault
                  | warden!!
 33445 | Vaults:3 | the vault warden misses your +1 spectral double sword
                  | {rare}.
 33446 | Vaults:3 | your +1 spectral double sword {rare} hits the vault warden!
 33447 | Vaults:3 | your +1 spectral double sword {rare} hits the vault warden.
 33447 | Vaults:3 | the vault warden misses your +1 spectral double sword
                  | {rare}.
 33448 | Vaults:3 | your +1 spectral double sword {rare} hits the vault warden!
 33448 | Vaults:3 | the vault warden hits your +1 spectral double sword {rare}
                  | with a +3 war axe of flaming!!
 33448 | Vaults:3 | the vault warden burns your +1 spectral double sword
                  | {rare}.
 33448 | Vaults:3 | your +1 spectral double sword {rare} disappears.
 33449 | Vaults:3 | the vault warden blocks your +1 spectral double sword
                  | {rare}'s attack.
 33449 | Vaults:3 | the vault warden hits your +1 spectral double sword {rare}
                  | with a +3 war axe of flaming!
 33449 | Vaults:3 | the vault warden burns your +1 spectral double sword
                  | {rare}.
 33450 | Vaults:3 | your +1 spectral double sword {rare} hits the vault
                  | warden!!
 33450 | Vaults:3 | something closely misses your +1 spectral double sword
                  | {rare}.
 33450 | Vaults:3 | the vault guard hits your +1 spectral double sword {rare}
                  | with a +0 great mace!
 33450 | Vaults:3 | your +1 spectral double sword {rare} disappears.
 33708 | Vaults:3 | Identified the +0 scale mail "Ufiytacs" {rF+ Str+4}
 34145 | Vaults:3 | Identified the +10 war axe "Nasur" {drain, rElec rF+ Str+3
                  | Dex-4}
 34346 | Vaults:4 | Reached XP level 20. HP: 123/123 MP: 24/24
 34370 | Vaults:4 | Noticed Norris
 34398 | Vaults:4 | Killed Norris
 34399 | Vaults:4 | Reached skill level 20 in Fighting
 34451 | Vaults:4 | Reached skill level 7 in Evocations
 34851 | Vaults:4 | Reached skill level 8 in Evocations
 35144 | Vaults:4 | Found Gir Muwk's Antique Armour Emporium.
 35907 | Snake:1  | Killed Louise
 35921 | Snake:1  | Found a runed translucent gate.
 35922 | Snake:1  | Found a runed translucent gate.
 35923 | Snake:1  | Found an opulent altar of Gozag.
 35924 | Snake:1  | Found Ytrounan's Assorted Antiques.
 35924 | Snake:1  | Noticed Pos Urai's ghost (adept MiBe)
 36782 | Snake:2  | Reached skill level 9 in Evocations
 36799 | Snake:2  | Found a runed translucent gate.
 36799 | Snake:2  | Found a runed translucent gate.
 36799 | Snake:2  | Found a runed translucent gate.
 36801 | Snake:2  | Noticed Kemp's ghost (adept MiMo)
 36803 | Snake:2  | Noticed Viysato's ghost (adept DESu)
 36804 | Snake:2  | Noticed Roemi Joo's ghost (journeyman FeCK)
 36804 | Snake:2  | Noticed Puubajux's ghost (adept GrFi)
 37332 | Snake:2  | Found Ipuluose's Jewellery Boutique.
 37332 | Snake:2  | Found Hudghino's Book Emporium.
 37333 | Snake:2  | Found Lemuasko's Book Emporium.
 37340 | Snake:2  | Bought the ring "Omium" {rElec rF++ Str-2 SInv Stlth+} for
                  | 496 gold pieces
 37358 | Snake:2  | Bought an Inescapable Atlas for 272 gold pieces
 37363 | Snake:2  | Learned a level 4 spell: Manifold Assault
 37368 | Snake:2  | Learned a level 4 spell: Passage of Golubria
 37491 | Snake:3  | Noticed Vashnia
 37976 | Snake:3  | Reached skill level 3 in Spellcasting
 38287 | Snake:3  | Killed Vashnia
 38345 | Snake:3  | Reached skill level 6 in Translocations
 38505 | Snake:3  | Reached skill level 4 in Spellcasting
 38620 | Snake:3  | Reached XP level 21. HP: 129/129 MP: 28/28
 38626 | Snake:3  | You pick up a book of Weapons and begin reading...
 38626 | Snake:3  | You add the spells Tukima's Dance and Portal Projectile to
                  | your library.
 38659 | Snake:3  | Reached skill level 21 in Fighting
 38780 | Snake:3  | Found a snail-covered altar of Cheibriados.
 39069 | Snake:4  | Entered Level 4 of the Snake Pit
 39623 | Snake:4  | Reached skill level 5 in Spellcasting
 39653 | Snake:4  | Reached skill level 7 in Translocations
 39899 | Snake:4  | Reached skill level 11 in Dodging
 40270 | Snake:4  | Identified the +6 hand axe "Gatzonal" {freeze, Drain Int+3
                  | Dex+2}
 40308 | Snake:4  | Reached skill level 8 in Translocations
 40397 | Snake:4  | HP: 32/130 [poisoned by a naga sharpshooter (splash of
                  | poison)]
 40405 | Snake:4  | HP: 32/130 [nagaraja/bolt of poison (4)]
 40667 | Snake:4  | Got a serpentine rune of Zot
 40813 | Snake:2  | Killed Roemi Joo's ghost
 40853 | Snake:2  | Killed Viysato's ghost
 40871 | Snake:2  | Killed Puubajux's ghost
 40915 | Snake:2  | Identified the +0 helmet of the Kraken {Fly rPois rC-
                  | Regen+}
 41155 | Snake:1  | Killed Pos Urai's ghost
 41224 | Snake:1  | Bought a scroll of teleportation for 75 gold pieces
 41738 | Depths:1 | Entered Level 1 of the Depths
 41738 | Depths:1 | Found a one-way gate to the infinite horrors of the Abyss.
 41861 | D:15     | Reached skill level 12 in Dodging
 41865 | D:15     | f - a +1 spectral double sword {rare}
 41865 | D:15     | b - a +1 spectral double sword {rare}
 41965 | Depths:1 | Noticed a caustic shrike
 41971 | Depths:1 | Reached skill level 22 in Fighting
 41982 | Depths:1 | Killed a caustic shrike
 42006 | Depths:1 | Found a one-way gateway to a ziggurat.
 42069 | Depths:1 | Got Duinefem's Reference Book on Vexatious Lightning
 42074 | Depths:1 | You add the spells Fulminant Prism and Leda's Unmaking to
                  | your library.
 42074 | Depths:1 | Got Umue's Secrets of Momentum
 42083 | Depths:1 | Identified the staff "Beast's Regret" {rN+ Str+2 Dex+2
                  | Stlth- Necro}
 42117 | Depths:1 | Reached XP level 22. HP: 85/137 MP: 23/30
 42243 | Depths:1 | You pick up a book of Callings and begin reading...
 42243 | Depths:1 | You add the spells Summon Small Mammal, Call Canine
                  | Familiar and Summon Guardian Golem to your library.
 42348 | Depths:1 | Found Rutariabae's Island Escapes.
 42368 | Depths:1 | Bought a scroll of teleportation for 63 gold pieces
 42368 | Depths:1 | Bought a scroll of teleportation for 63 gold pieces
 42368 | Depths:1 | Bought a potion of haste for 210 gold pieces
 42368 | Depths:1 | Bought 2 potions of invisibility for 336 gold pieces
 42634 | Depths:1 | You pick up a book of Storms and begin reading...
 42634 | Depths:1 | You add the spells Static Discharge and Airstrike to your
                  | library.
 42689 | Depths:1 | You pick up a book of Flames and begin reading...
 42689 | Depths:1 | You add the spells Inner Flame and Flame Wave to your
                  | library.
 42723 | Depths:1 | Found a gateway to Hell.
 43238 | Depths:2 | Reached skill level 23 in Fighting
 43267 | Depths:2 | Noticed Nikola
 43283 | Depths:2 | Killed Nikola
 43542 | Depths:2 | Found a one-way gate leading to the halls of Pandemonium.
 43898 | Depths:2 | Noticed a royal mummy
 43922 | Depths:2 | Noticed a royal mummy
 43936 | Depths:2 | Killed a royal mummy
 43964 | Depths:2 | Killed a royal mummy
 43983 | Depths:2 | Identified the +3 pair of gloves of the Enchanted Forest
                  | {-Cast Str+3 Stlth+}
 44003 | Depths:2 | Noticed a royal mummy
 44003 | Depths:2 | Found the +7 sceptre of Torment {pain, torment}
 44039 | Depths:2 | Killed a royal mummy
 44501 | Elf:1    | Entered Level 1 of the Elven Halls
 44688 | Elf:1    | Found Raulah's Magic Scroll Shop.
 44777 | Elf:1    | Found Zoxzeav's Armour Emporium.
 44903 | Elf:1    | Found Buke's Book Shop.
 44943 | Elf:1    | Found Qirorrem's Self-Published Books.
 45076 | Elf:1    | Reached skill level 24 in Fighting
 45150 | Elf:1    | You add the spells Magic Dart and Fire Storm to your
                  | library.
 45150 | Elf:1    | Got the Exposition on Damage
 45312 | Elf:1    | Found Homegipp's Antique Armour Shop.
 45425 | Elf:1    | Paralysed by an air elemental for 1 turns
 45494 | Elf:1    | Found Ymanau's Antique Weapon Emporium.
 45792 | Elf:2    | You pick up a book of Spectacle and begin reading...
 45792 | Elf:2    | You add the spells Starburst and Maxwell's Capacitive
                  | Coupling to your library.
 45826 | Elf:2    | Reached XP level 23. HP: 146/146 MP: 31/31
 45830 | Elf:2    | You pick up a book of the Dragon and begin reading...
 45864 | Elf:2    | Found Rismoel's Jewellery Boutique.
 45892 | Elf:2    | You pick up a book of Chaos and begin reading...
 45892 | Elf:2    | You add the spells Conjure Ball Lightning, Disjunction and
                  | Discord to your library.
 45984 | Elf:2    | Found a runed translucent gate.
 45985 | Elf:2    | Found a runed translucent gate.
 46011 | Elf:2    | Found a runed translucent gate.
 46266 | Elf:2    | Reached skill level 6 in Armour
 46266 | Elf:2    | Reached skill level 10 in Evocations
 46334 | Elf:2    | Reached skill level 9 in Translocations
 46604 | Elf:3    | Entered Level 3 of the Elven Halls
 46686 | Elf:3    | You pick up a book of Scorching and begin reading...
 47201 | Elf:3    | an iron giant changed into a caustic shrike
 47201 | Elf:3    | Noticed a caustic shrike (glowing shapeshifter)
 47203 | Elf:3    | a caustic shrike changed into a juggernaut
 47203 | Elf:3    | Noticed a juggernaut (glowing shapeshifter)
 47212 | Elf:3    | Killed a juggernaut
 47400 | Elf:3    | You pick up a book of the Warp and begin reading...
 47625 | Elf:3    | Reached skill level 7 in Armour
 47739 | Elf:3    | Reached skill level 10 in Translocations
 47794 | Elf:3    | magus.rc [v1.10.3]
 47819 | Elf:3    | a deep elf demonologist comes into view. It is wielding the
                  | +12 glaive of Prune {freeze, Prune} and wearing a +2
                  | leather armour of willpower.
 47927 | Elf:3    | Identified the +10 spear of War {heavy, rPois Will++ Str-2
                  | Stlth+}
 48032 | Elf:3    | Reached skill level 11 in Evocations
 48068 | Elf:3    | Identified the +1 ring mail "Xeqyir" {+Blink rC- rCorr
                  | SInv}
 48071 | Elf:3    | You pick up a book of Displacement and begin reading...
 48073 | Elf:3    | You pick up a book of the Spheres and begin reading...
 48090 | Elf:3    | Identified the +1 mace "Ijocsam" {freeze, rN+ Int+2}
 48105 | Elf:3    | You pick up a book of Alchemy and begin reading...
 48105 | Elf:3    | You add the spells Sublimation of Blood, Petrify and
                  | Irradiate to your library.
 48111 | Elf:3    | You pick up a book of Dangerous Friends and begin
                  | reading...
 48497 | Crypt:1  | Entered Level 1 of the Crypt
 48733 | Crypt:1  | Identified the +11 war axe of Xaetri {freeze, *Rage rElec
                  | Will+ Int+2}
 49402 | Crypt:1  | Found a basalt altar of Yredelemnul.
 49645 | Crypt:1  | magus.rc [v1.10.3]
 49961 | Slime:1  | Entered Level 1 of the Pits of Slime
 49964 | Slime:1  | Reached XP level 24. HP: 150/150 MP: 31/31
 50134 | Slime:1  | Reached skill level 8 in Armour
 50134 | Slime:1  | Reached skill level 1 in Shapeshifting
 50513 | Slime:1  | Reached skill level 11 in Translocations
 50741 | Slime:2  | Gained mutation: Armour fits poorly on your strangely
                  | shaped body. [a shining eye]
 51583 | Slime:3  | Gained mutation: You are weak. (Str -2) [a shining eye]
 51653 | Slime:3  | Gained mutation: You occasionally lose the ability to read
                  | scrolls when taking damage. [a shining eye]
 51663 | Slime:3  | Reached skill level 6 in Spellcasting
 51663 | Slime:3  | Lost mutation: You are weak. (Str -2) [potion of mutation]
 51663 | Slime:3  | Lost mutation: Armour fits poorly on your strangely shaped
                  | body. [potion of mutation]
 51663 | Slime:3  | Lost mutation: You occasionally lose the ability to read
                  | scrolls when taking damage. [potion of mutation]
 51663 | Slime:3  | Gained mutation: You are occasionally teleported next to
                  | monsters. [potion of mutation]
 51818 | Slime:5  | Entered Level 5 of the Pits of Slime
 51989 | Slime:5  | Noticed the Royal Jelly
 52011 | Slime:4  | Gained mutation: Your magical capacity is low. (-10% MP) [a
                  | shining eye]
 52023 | Slime:4  | Reached skill level 12 in Evocations
 52154 | Slime:4  | Lost mutation: Your magical capacity is low. (-10% MP)
                  | [potion of mutation]
 52154 | Slime:4  | Lost mutation: You are occasionally teleported next to
                  | monsters. [potion of mutation]
 52154 | Slime:4  | Gained mutation: You have large cloven feet. [potion of
                  | mutation]
 52154 | Slime:4  | Gained mutation: Your skin changes colour to match your
                  | surroundings (Stealth+). [potion of mutation]
 52154 | Slime:4  | Gained mutation: Your magical capacity is low. (-10% MP)
                  | [potion of mutation]
 52154 | Slime:4  | Gained mutation: You expend magic power (3 MP) to
                  | strengthen your wands. [potion of mutation]
 52641 | Slime:5  | Killed the Royal Jelly
 52644 | Slime:5  | HP: 31/153 [acid (8)]
 52718 | Slime:4  | Reached skill level 7 in Spellcasting
 52776 | Slime:5  | HP: 32/153 [acid blob/splash of acid[the Royal Jelly] (11)]
 53178 | Slime:5  | Reached skill level 25 in Fighting
 53178 | Slime:5  | Reached skill level 12 in Translocations
 53435 | Slime:5  | You add the spells Malign Gateway and Summon Horrible
                  | Things to your library.
 53445 | Slime:5  | Identified the +6 quarterstaff "Wesewushrygy" {heavy,
                  | Contam rCorr Int+4 SInv Stlth+}
 53537 | Slime:5  | Identified the amulet of Seoder {Spirit Int+4}
 53688 | Slime:5  | Identified the staff of the Magi {*Slow rElec rPois rN+
                  | Str+2 Stlth+ Poison}
 53691 | Slime:5  | Got a slimy rune of Zot
 53693 | Slime:5  | Identified the +9 halberd of Gallantry {freeze, rN+ Int+5}
 53709 | Slime:5  | Identified the +1 rapier of the Gloaming {flame, rF- rCorr
                  | Str+6 SInv}
 53923 | Slime:5  | Identified the +1 ring mail of Greed {Harm Str+2}
 54380 | Depths:3 | Reached skill level 2 in Shapeshifting
 54484 | Depths:3 | Noticed Jory
 54596 | Depths:3 | Reached skill level 3 in Shapeshifting
 54684 | Depths:3 | Noticed a juggernaut
 54710 | Depths:3 | Reached skill level 13 in Translocations
 54746 | Depths:3 | Killed a juggernaut
 54747 | Depths:3 | Reached skill level 4 in Shapeshifting
 54779 | Depths:3 | Reached skill level 5 in Shapeshifting
 54918 | Depths:3 | Reached XP level 25. HP: 144/158 MP: 31/31
 54921 | Depths:3 | Reached skill level 6 in Shapeshifting
 55134 | Depths:3 | Killed Jory
 55219 | Depths:3 | Reached skill level 7 in Shapeshifting
 55400 | Depths:4 | Entered Level 4 of the Depths
 55492 | Depths:4 | Reached skill level 8 in Shapeshifting
 55505 | Depths:4 | Bought a potion of haste for 340 gold pieces
 56304 | Crypt:2  | Noticed a curse skull
 56308 | Crypt:2  | Found a runed translucent door.
 56308 | Crypt:2  | Noticed Vailuoroe's ghost (veteran GrEE)
 56314 | Crypt:2  | Killed a curse skull
 56691 | Crypt:2  | Noticed a curse skull
 56694 | Crypt:2  | Killed a curse skull
 56697 | Crypt:2  | Noticed a curse skull
 56701 | Crypt:2  | Noticed an ancient lich
 56717 | Crypt:2  | Killed an ancient lich
 56718 | Crypt:2  | Reached skill level 9 in Shapeshifting
 56725 | Crypt:2  | Killed a curse skull
 56736 | Crypt:2  | Found the +7 staff of the Meek {protect, meekguard}
 56737 | Crypt:2  | Found the +10 morningstar "Eos" {elec, Halo rElec}
 56741 | Crypt:2  | Got the Folio of the Frostbitten Cemetery
 56742 | Crypt:2  | Identified the amulet "Ace Aqysm" {Faith rN+}
 56857 | Crypt:2  | your +1 spectral double sword {rare} glows red for a
                  | moment.
 57100 | Crypt:3  | Entered Level 3 of the Crypt
 57341 | Crypt:3  | Reached skill level 10 in Shapeshifting
 57515 | Crypt:3  | Found a basalt altar of Yredelemnul.
 57596 | Crypt:3  | Identified the amulet "Lutaut" {rElec Regen+}
 57596 | Crypt:3  | Identified the ring "Lamunil" {rN+ Dex+7}
 57596 | Crypt:3  | Identified the ring of Beusucal {rElec rC+ rN+ rCorr
                  | Slay+3}
 57615 | Crypt:3  | You pick up a book of Vapours and begin reading...
 57615 | Crypt:3  | You add the spells Poisonous Vapours, Mephitic Cloud and
                  | Freezing Cloud to your library.
 57707 | Crypt:3  | Identified the +8 glaive "Beram" {flame, *Noise rC++ Will+}
 57829 | Crypt:3  | Reached skill level 11 in Shapeshifting
 58346 | Crypt:3  | Found a staircase to the Tomb.
 58346 | Crypt:3  | Noticed a royal mummy
 58363 | Crypt:3  | Killed a royal mummy
 58643 | Crypt:3  | Reached skill level 12 in Shapeshifting
 58852 | Crypt:3  | Identified the +10 great sword of Ceinapeu {venom, rElec
                  | rCorr Int+3}
 58856 | Crypt:3  | You add the spells Foxfire and Shatter to your library.
 58856 | Crypt:3  | Got the Meditations on Heavy Sparks
 58862 | Crypt:3  | You add the spells Swiftness and Chain Lightning to your
                  | library.
 58862 | Crypt:3  | Got Ekli's Teachings on Thunder
 59127 | Crypt:3  | Noticed a curse skull
 59133 | Crypt:3  | Killed a curse skull
 59143 | Crypt:3  | Noticed a curse skull
 59160 | Crypt:3  | Killed a curse skull
 59764 | Depths:3 | Reached skill level 13 in Shapeshifting
 59865 | Depths:4 | Found a white marble altar of Elyvilon.
 59865 | Depths:4 | Found a glowing silver altar of Zin.
 59866 | Depths:4 | Found a glowing golden altar of the Shining One.
 59924 | Depths:4 | Found a gate to the Realm of Zot.
 60324 | Depths:4 | Reached XP level 26. HP: 164/164 MP: 31/31
 60348 | Depths:4 | Reached skill level 14 in Shapeshifting
 60349 | Depths:4 | Noticed Sojobo
 60393 | Depths:4 | Killed Sojobo
 60411 | Depths:4 | a +4 heavy triple sword {rare}; a +0 scale mail of cold
                  | resistance; a storm talisman
 60422 | Depths:4 | a +4 heavy triple sword {rare}; a +0 scale mail of cold
                  | resistance; a storm talisman
 60460 | Depths:4 | a +4 heavy triple sword {rare}; a +0 scale mail of cold
                  | resistance; a storm talisman
 60473 | Depths:4 | your +2 spectral double sword {rare} projects an invisible
                  | shield of force!
 60473 | Depths:4 | b - a +2 double sword of protection {rare}
 60474 | Depths:4 | your +2 double sword of protection {rare} is covered with a
                  | thin layer of ice!
 60474 | Depths:4 | b - a +2 double sword of freezing {rare}
 60477 | Zot:1    | Entered Level 1 of the Realm of Zot
 60521 | Zot:1    | Noticed an electric golem
 60539 | Zot:1    | Killed an electric golem
 60615 | Zot:1    | Noticed an orb of fire
 60625 | Zot:1    | Gained mutation: You are frail. (-10% HP) [an orb of fire]
 60627 | Zot:1    | Gained mutation: Your body sometimes deteriorates upon
                  | taking damage. [an orb of fire]
 60638 | Zot:1    | Reached skill level 15 in Shapeshifting
 60659 | Zot:1    | Gained mutation: You are weak. (Str -2) [an orb of fire]
 60676 | Zot:1    | Killed an orb of fire
 60687 | Zot:1    | Lost mutation: You are frail. (-10% HP) [potion of
                  | mutation]
 60687 | Zot:1    | Lost mutation: You are weak. (Str -2) [potion of mutation]
 60687 | Zot:1    | Gained mutation: Your muscles are strong. (Str +4, Int/Dex
                  | -1) [potion of mutation]
 60687 | Zot:1    | Gained mutation: You are partially covered in iridescent
                  | scales. (AC +2) [potion of mutation]
 60687 | Zot:1    | Gained mutation: You are somewhat resistant to further
                  | mutation. [potion of mutation]
 60743 | Zot:1    | Identified the +0 flail of the Shimmering Seeker {elec,
                  | rPois rC++ Str+2 SInv}
 60757 | Zot:1    | You are sucked into a shaft and drop 1 floor!
 61614 | Zot:3    | Reached skill level 16 in Shapeshifting
 62014 | Zot:3    | Got the Elucidation of the Xenotype
 62036 | Zot:3    | Identified the amulet "Kar Oneh" {Faith -Tele rElec rCorr
                  | Int+5}
 62959 | Zot:4    | Reached skill level 7 in Throwing
 63164 | Zot:5    | Entered Level 5 of the Realm of Zot
 63167 | Zot:5    | Found a runed translucent door.
 63168 | Zot:5    | Found a shimmering altar of Xom.
 63168 | Zot:5    | Noticed snackwell's ghost (legendary AtAr)
 63169 | Zot:5    | Identified the +4 quick blade "Qudgh" {chaos, Dex+3 SInv}
 63174 | Zot:5    | You pick up a book of Vapours and begin reading...
 63211 | Zot:5    | Found a sacrificial altar of Ru.
 63493 | Zot:4    | Reached XP level 27. HP: 169/169 MP: 31/31
 63577 | Zot:5    | Noticed an orb of fire
 63628 | Zot:5    | Killed an electric golem
 63631 | Zot:5    | Noticed an orb of fire
 63635 | Zot:5    | Noticed an orb of fire
 63714 | Zot:5    | Noticed an orb of fire
 63714 | Zot:5    | Killed an electric golem
 63716 | Zot:5    | Noticed an orb of fire
 63717 | Zot:5    | Noticed an orb of fire
 63717 | Zot:5    | Noticed a dread lich
 63725 | Zot:5    | Killed an orb of fire
 63726 | Zot:5    | Killed a dread lich
 63728 | Zot:5    | Killed an orb of fire
 63732 | Zot:5    | Killed an orb of fire
 63733 | Zot:5    | Noticed an orb of fire
 63734 | Zot:5    | Noticed an ancient lich
 63741 | Zot:5    | Killed an orb of fire
 63742 | Zot:5    | Reached skill level 14 in Translocations
 63748 | Zot:5    | Killed an ancient lich
 63782 | Zot:5    | Got the Orb of Zot
 63786 | Zot:5    | Lost mutation: Your muscles are strong. (Str +4, Int/Dex
                  | -1) [an orb of fire]
 63797 | Zot:5    | Killed an orb of fire
 63798 | Zot:5    | Reached skill level 13 in Shields
 63983 | Zot:1    | your +2 double sword of freezing {rare} glows with a cold
                  | blue light!
 63983 | Zot:1    | b - a +2 double sword of freezing (weapon) {rare}
 64131 | Depths:1 | your +2 double sword of freezing {rare} stops glowing.
 64335 | D:5      | Reached skill level 8 in Throwing
 64347 | D:4      | Found a radiant altar of Vehumet.
 64347 | D:4      | Found a sparkling altar of Nemelex Xobeh.
 64507 | D:1      | Reached skill level 13 in Dodging
 64533 | D:$      | Escaped with the Orb!

Vanquished Creatures
  the Royal Jelly (Slime:5)
  An ancient lich (Crypt:2)
  3 orbs of fire
  A juggernaut (Depths:3)
  A juggernaut (shapeshifter) (Elf:3)
  4 royal mummies
  Sojobo (Depths:4)
  Vashnia (Snake:3)
  A Killer Klown (Zot:5)
  Nikola (Depths:2)
  7 golden dragons
  A caustic shrike (Depths:1)
  Norris (Vaults:4)
  Jory (Depths:3)
  2 profane servitors (Crypt:3)
  4 bone dragons
  An electric golem (Zot:1)
  10 tentacled monstrosities
  A walking earthen tome (Depths:3)
  3 liches
  12 quicksilver dragons
  2 Orb Guardians
  2 deep elf master archers (Elf:3)
  A walking divine tome (Depths:3)
  3 deep elf blademasters (Elf:3)
  The ghost of Pos Urai the Executioner, an adept MiBe of Trog (Snake:1)
  The ghost of Viysato the Archmage, an adept DESu of Gozag (Snake:2)
  A tentacled starspawn (Abyss:2)
  A walking frostbound tome (Depths:1)
  6 sphinxes
  24 acid blobs
  Aizul (Vaults:1)
  10 azure jellies
  A draconian monk (Zot:4)
  2 shadow dragons
  4 tengu reavers
  7 death cobs
  5 storm dragons
  A thorn hunter (Swamp:4)
  11 nagarajas
  2 revenants
  3 draconian knights
  6 rockslimes
  4 frost giants
  9 fire giants
  11 deep elf sorcerers
  2 caustic shrike zombies (Crypt:3)
  Louise (Snake:1)
  2 ghost moths
  The ghost of Puubajux the Bludgeoner, an adept GrFi of Gozag (Snake:2)
  An iron dragon (Depths:1)
  4 draconian scorchers
  2 draconian shifters
  4 imperial myrmidons (Desolation)
  2 orc warlords
  3 deep elf elementalists (Elf:3)
  5 curse skulls
  A balrug (Depths:3)
  4 draconian stormcallers
  A cacodemon (Abyss:2)
  8 vault wardens
  11 very ugly things
  2 reapers
  10 quicksilver oozes
  An angel (Depths:4)
  4 formless jellyfish
  6 ghouls
  21 ironbound preservers
  3 spriggan defenders
  2 draconian annihilators
  11 stone giants
  2 war gargoyles
  8 ironbound thunderhulks
  Nessos (D:14)
  A juggernaut skeleton (Depths:2)
  A rockslime zombie (Crypt:1)
  4 deep elf demonologists (Elf:3)
  A green draconian (Zot:5)
  3 black draconians
  5 white draconians
  5 yellow draconians
  16 purple draconians
  5 red draconians
  7 vampire knights
  6 eleionomae
  Azrael (D:15)
  3 bunyips
  7 dire elephants (Vaults:2)
  9 spark wasps
  3 deep elf annihilators
  7 deep elf death magi
  3 halazid warlocks (Desolation)
  2 mummy priests (Depths:2)
  7 ettins
  6 eidola
  The ghost of Roemi Joo the Metamorph, a journeyman FeCK of Jiyva (Snake:2)
  18 fire dragons
  A shambling mangrove (Swamp:4)
  13 yaktaur captains
  4 crystal guardians
  Josephine (Lair:5)
  5 ragged hierophants (Desolation)
  4 spriggan zombies (Crypt:3)
  2 rakshasas
  14 great orbs of eyes
  5 deep elf high priests
  9 ice dragons
  2 entropy weavers
  8 hydras
  4 vault guards
  A catoblepas (D:13)
  8 servants of whispers (Desolation)
  6 centaur warriors
  5 death knights
  A quicksilver dragon skeleton (Crypt:1)
  8 peacekeepers
  3 ironbound frosthearts
  2 spriggan skeletons (Crypt:1)
  13 alligators
  2 boulder beetles
  11 anacondas
  4 ghost crabs
  27 naga warriors
  3 two-headed ogres
  5 deep troll earth magi
  6 deep troll shamans
  6 death yaks
  3 tengu warriors
  25 dancing weapons
  6 shock serpents
  A spriggan berserker (Depths:2)
  2 thrashing horrors (Abyss:2)
  4 vampire magi
  24 deep elf knights
  14 naga sharpshooters
  2 titan zombies (Crypt:3)
  3 soul eaters
  A fire crab (shapeshifter) (D:14)
  4 sun demons
  A hell knight (Volcano)
  3 wretched stars (Abyss:2)
  A shadow wraith (Crypt:2)
  Amaemon (D:11)
  A death drake (Swamp:4)
  6 skysharks
  7 salamander mystics
  23 skeletal warriors
  6 goliath frogs
  2 sixfirhies
  5 swamp dragons
  7 iron trolls
  4 spriggan druids
  2 glowing orange brains
  A death drake (shapeshifter) (D:13)
  A cherub (D:14)
  63 deep trolls
  8 bog bodies
  8 naga ritualists
  18 ironbound convokers
  2 obsidian statues
  A wolf spider zombie (Crypt:2)
  8 necromancers
  3 spectral hydras (Swamp:4)
  6 flayed ghosts
  A mana viper (shapeshifter) (Depths:3)
  12 deep elf archers
  34 phantasmal warriors
  6 wizards
  17 ugly things
  43 deep elf pyromancers
  4 alligator zombies (Swamp:4)
  31 salamanders
  10 lindwurms
  11 mana vipers
  2 iron dragon zombies (Crypt:3)
  7 orc knights
  4 orc sorcerers
  A golden dragon skeleton (Depths:2)
  29 deep elf zephyrmancers
  5 shining eyes
  5 harpies (Vaults:1)
  4 oklob plants (Lair:5)
  15 moths of wrath
  A worldbinder (Abyss:2)
  2 manticores
  Maurice (D:8)
  A will-o-the-wisp (Swamp:1)
  A draconian skeleton (Crypt:1)
  An iron dragon skeleton (Crypt:2)
  16 elephants
  3 cyclopes
  14 guardian serpents
  2 ice statues (IceCv)
  A dire elephant zombie (Crypt:1)
  9 vault sentinels
  A naga zombie (Crypt:3)
  34 black mambas
  A stone giant skeleton (Depths:2)
  A molten gargoyle (Desolation)
  2 naga skeletons (Crypt:1)
  2 centaur skeletons
  6 eyes of devastation
  An orange demon (D:11)
  3 smoke demons
  21 naga magi
  An alligator snapping turtle zombie (Crypt:1)
  Joseph (D:8)
  13 cane toads
  A gargoyle (D:12)
  An orb spider zombie (Crypt:1)
  2 kobold demonologists
  A catoblepas zombie (Crypt:1)
  A yaktaur (shapeshifter) (Elf:1)
  25 yaktaurs
  5 rime drakes
  An unseen horror (D:12)
  5 ice devils (IceCv)
  3 swamp worm zombies (Swamp:4)
  An anaconda simulacrum (IceCv)
  10 komodo dragons
  10 freezing wraiths
  2 tengu conjurers
  A bloated husk (Swamp:1)
  2 red devils
  A troll (shapeshifter) (Elf:3)
  4 polar bears
  A hydra zombie (Swamp:4)
  A sea snake skeleton (Crypt:2)
  6 harpy zombies
  5 raiju (Abyss:2)
  2 tarantellas (shapeshifter)
  2 harpy skeletons (Crypt:1)
  5 trolls
  7 tyrant leeches
  7 hornets
  7 dream sheep
  A spectral swamp dragon (Swamp:4)
  47 saltlings
  A raiju (shapeshifter) (Depths:4)
  A meliai zombie (D:15)
  16 blink frogs
  A blink frog (shapeshifter) (Elf:2)
  A hydra skeleton (Crypt:2)
  A guardian serpent skeleton (Crypt:2)
  3 air elementals
  114 slime creatures
  A centaur simulacrum (Crypt:1)
  A dire elephant simulacrum (IceCv)
  8 flying skulls (Crypt:2)
  9 wyverns
  10 spriggans
  A water elemental (Elf:3)
  47 yaks
  A yak (shapeshifter) (Depths:1)
  17 wraiths
  7 fire elementals
  A human (Lair:3)
  2 vampires
  2 ushabtiu (Crypt:3)
  A basilisk (shapeshifter) (D:15)
  A chaos spawn (Abyss:2)
  4 fire bats (Depths:2)
  5 golden eyes (D:1)
  A redback (shapeshifter) (Depths:3)
  7 basilisks
  Menkaure (D:6)
  6 steam dragons
  4 large abominations (Abyss:2)
  A steam dragon (shapeshifter) (Depths:3)
  A warg (D:15)
  3 hydra simulacra (IceCv)
  47 nagas
  5 harpy simulacra (IceCv)
  20 swamp worms
  2 acid dragons (Lair:5)
  2 hell hounds (D:15)
  15 water moccasins
  A floating eye (Lair:5)
  2 black bears (D:6)
  3 ice beasts
  A meliai simulacrum (D:15)
  30 orc warriors
  2 sky beasts
  6 swamp dragon zombies (Swamp:4)
  An ettin simulacrum (Crypt:1)
  14 centaurs
  8 ogres
  A dream sheep skeleton (Crypt:1)
  2 starcursed masses (Abyss:2)
  7 wolves
  A blink frog skeleton (Crypt:2)
  6 kobold brigands
  7 phantoms
  A yaktaur zombie (Crypt:1)
  9 bullfrogs
  2 scorpions
  14 necrophages
  3 gnoll sergeants
  3 wyvern zombies (Ossuary)
  2 cane toad simulacra (IceCv)
  2 water moccasin zombies (Ossuary)
  An earth elemental (Elf:3)
  9 wights
  10 wyvern skeletons
  4 small abominations (Abyss:2)
  19 killer bees
  An elephant simulacrum (IceCv)
  A troll skeleton (Crypt:1)
  7 electric eels
  9 howler monkeys
  A polar bear skeleton (Crypt:2)
  8 jellies
  A crimson imp (Abyss:2)
  5 bullfrog zombies (Ossuary)
  7 centaur zombies
  A wyvern simulacrum (D:8)
  7 hounds
  10 orc priests
  An iron imp (D:6)
  2 sleepcaps
  Ijyb (D:3)
  5 iguanas (Lair:5)
  13 orc wizards
  3 spectral swamp drakes (Swamp:4)
  7 hell rats (Lair:2)
  A killer bee zombie (Ossuary)
  A tengu skeleton (Crypt:2)
  3 killer bee simulacra (D:8)
  13 mummies
  2 howler monkey zombies (Ossuary)
  Robin (D:2)
  24 gnolls
  A naga simulacrum (IceCv)
  A swamp drake zombie (Swamp:4)
  16 adders
  2 white imps
  6 ufetubi
  2 worms
  2 dart slugs
  95 orcs
  15 ball pythons
  5 bats
  14 endoplasms
  9 giant cockroaches
  18 goblins
  12 hobgoblins
  3 jackals (D:5)
  14 kobolds
  16 quokkas
  11 frilled lizards
  A goblin zombie (D:6)
  2 hobgoblin zombies (D:6)
  2 kobold skeletons (D:6)
  A kobold zombie (D:6)
  An orc skeleton (D:6)
  3 orc zombies (D:6)
  5 rats
2362 creatures vanquished.

Vanquished Creatures (collateral kills)
  A golden dragon (Zot:3)
  An Orb Guardian (Zot:5)
  An acid blob (Slime:2)
  A deep elf master archer (Elf:3)
  A quicksilver dragon (Zot:3)
  A death cob (Zot:3)
  A shadow dragon (Zot:2)
  A storm dragon (Zot:3)
  2 draconian knights
  A ghost moth (Zot:2)
  A draconian annihilator (Zot:3)
  A draconian stormcaller (Zot:3)
  A cacodemon (Zot:5)
  2 ironbound preservers
  2 green draconians
  2 black draconians
  A white draconian (Zot:3)
  3 purple draconians
  A red draconian (Zot:3)
  A peacekeeper (Vaults:1)
  A sun demon (Zot:1)
  A shining eye (Slime:2)
  6 moths of wrath
  An orange demon (Zot:5)
  A bullfrog (shapeshifter) (Vaults:3)
36 creatures vanquished.

Vanquished Creatures (others)
  A dread lich (Zot:5)
  3 orbs of fire (Zot:5)
  An ancient lich (Zot:5)
  2 Killer Klowns (Zot:5)
  2 electric golems (Zot:5)
  9 tentacled monstrosities
  23 Orb Guardians (Zot:5)
  A quicksilver dragon (Zot:3)
  2 death cobs
  A draconian monk (Zot:3)
  A nagaraja (Snake:3)
  A draconian knight (Zot:5)
  A draconian shifter (Zot:4)
  3 draconian annihilators
  8 purple draconians
  A green draconian (Zot:3)
  A black draconian (Zot:5)
  2 yellow draconians
  An alligator (Swamp:1)
  2 deep elf pyromancers
  An ugly thing (Vaults:4)
  A deep elf zephyrmancer (Elf:1)
  A moth of wrath (Zot:5)
  3 bloated husks (Swamp:4)
  A hornet (Swamp:4)
  A spriggan (Swamp:4)
  An orc warrior (Orc:2)
  2 phantoms (Swamp:4)
  9 spectral weapons (Vaults:3)
  2 starspawn tentacles (Abyss:2)
88 creatures vanquished.

Grand Total: 2486 creatures vanquished

Table legend:
 A = Non-vault XP
 B = Vault XP
 C = Vault XP percentage of total XP
 D = Non-vault monster count
 E = Vault monster count
 F = Vault count percentage of total count
                 A         B        C        D         E       F
            +---------+---------+-------+---------+---------+-------
      Total |  704519 |  581372 |  45.2 |    1397 |     979 |  41.2
            +---------+---------+-------+---------+---------+-------
        D:1 |      48 |       3 |   5.9 |      20 |       2 |   9.1
        D:2 |      63 |      34 |  35.1 |      16 |      11 |  40.7
        D:3 |     140 |      36 |  20.5 |      28 |       1 |   3.4
        D:4 |     318 |       0 |   0.0 |      26 |       0 |   0.0
        D:5 |     269 |      13 |   4.6 |      15 |       1 |   6.2
        D:6 |    1256 |     221 |  15.0 |      32 |      12 |  27.3
        D:7 |    1018 |     797 |  43.9 |      23 |       9 |  28.1
        D:8 |     941 |    1997 |  68.0 |      15 |      12 |  44.4
        D:9 |    4303 |    1677 |  28.0 |      34 |       6 |  15.0
       D:10 |    4698 |     270 |   5.4 |      31 |      32 |  50.8
       D:11 |    2984 |    1193 |  28.6 |      17 |       2 |  10.5
       D:12 |    5995 |     289 |   4.6 |      19 |       1 |   5.0
       D:13 |    9269 |    1003 |   9.8 |      17 |       2 |  10.5
       D:14 |    5332 |    1074 |  16.8 |      12 |       1 |   7.7
       D:15 |   10034 |    9270 |  48.0 |      20 |      19 |  48.7
     Lair:1 |    6304 |    1118 |  15.1 |      22 |       4 |  15.4
     Lair:2 |   12387 |    1397 |  10.1 |      45 |       6 |  11.8
     Lair:3 |    4839 |    1770 |  26.8 |      19 |       5 |  20.8
     Lair:4 |    6566 |    1457 |  18.2 |      17 |       6 |  26.1
     Lair:5 |    8848 |    9678 |  52.2 |      21 |      35 |  62.5
    Swamp:1 |   16821 |       0 |   0.0 |      26 |       0 |   0.0
    Swamp:2 |    8260 |       0 |   0.0 |      16 |       0 |   0.0
    Swamp:3 |   10937 |       0 |   0.0 |      20 |       0 |   0.0
    Swamp:4 |   14893 |   14249 |  48.9 |      28 |      35 |  55.6
    Snake:1 |    9484 |    6520 |  40.7 |      17 |       9 |  34.6
    Snake:2 |   15762 |    3747 |  19.2 |      28 |       3 |   9.7
    Snake:3 |   23445 |   13315 |  36.2 |      46 |      22 |  32.4
    Snake:4 |   27362 |   30087 |  52.4 |      54 |      41 |  43.2
    Slime:1 |   15279 |       0 |   0.0 |      41 |       0 |   0.0
    Slime:2 |   10718 |       0 |   0.0 |      15 |       0 |   0.0
    Slime:3 |    8766 |       0 |   0.0 |      16 |       0 |   0.0
    Slime:4 |   16688 |    4103 |  19.7 |      32 |       3 |   8.6
    Slime:5 |    5570 |   30698 |  84.6 |      16 |      23 |  59.0
      Orc:1 |    1560 |    1873 |  54.6 |      21 |      16 |  43.2
      Orc:2 |    2508 |    5464 |  68.5 |      21 |      37 |  63.8
      Elf:1 |   27067 |    7905 |  22.6 |      44 |      14 |  24.1
      Elf:2 |    5485 |   23965 |  81.4 |      10 |      32 |  76.2
      Elf:3 |   28559 |   37126 |  56.5 |      42 |      31 |  42.5
   Vaults:1 |   17454 |   33876 |  66.0 |      24 |      49 |  67.1
   Vaults:2 |   24766 |    9007 |  26.7 |      29 |      15 |  34.1
   Vaults:3 |   21331 |   31710 |  59.8 |      28 |      38 |  57.6
   Vaults:4 |   28759 |   17372 |  37.7 |      42 |      20 |  32.3
    Crypt:1 |   29050 |       0 |   0.0 |      52 |       0 |   0.0
    Crypt:2 |   10198 |   10782 |  51.4 |      20 |      12 |  37.5
    Crypt:3 |       0 |   64372 | 100.0 |       0 |     103 | 100.0
   Depths:1 |   19751 |   25488 |  56.3 |      21 |      23 |  52.3
   Depths:2 |   36124 |   15857 |  30.5 |      51 |       7 |  12.1
   Depths:3 |   24847 |   34787 |  58.3 |      27 |      28 |  50.9
   Depths:4 |   28615 |   24528 |  46.2 |      32 |      18 |  36.0
      Zot:1 |   33371 |       0 |   0.0 |      21 |       0 |   0.0
      Zot:2 |    7457 |       0 |   0.0 |       6 |       0 |   0.0
      Zot:3 |   34881 |   23841 |  40.6 |      28 |      26 |  48.1
      Zot:4 |   26771 |    6521 |  19.6 |      26 |       8 |  23.5
      Zot:5 |   12167 |   19148 |  61.1 |      13 |      10 |  43.5
    Abyss:2 |   14201 |       0 |   0.0 |      35 |       0 |   0.0
      Sewer |       0 |     224 | 100.0 |       0 |      46 | 100.0
    Ossuary |       0 |    1204 | 100.0 |       0 |      29 | 100.0
     Bailey |       0 |    1809 | 100.0 |       0 |       7 | 100.0
      IceCv |       0 |    5016 | 100.0 |       0 |      24 | 100.0
    Volcano |       0 |    2656 | 100.0 |       0 |       5 | 100.0
 Desolation |       0 |   40825 | 100.0 |       0 |      78 | 100.0
            +---------+---------+-------+---------+---------+-------

Skill      XL: |  1  2  3  4  5  6  7  8  9 10 11 12 13 14 15 16 17 18 19 20 21 22 23 24 25 26 27 |
---------------+----------------------------------------------------------------------------------+-----
Fighting       | 2 3 4 5 6 8 9 11 12 13 15 16 17 18 19 20 22 24 25 | 25.5
Short Blades   | 2 3 4 5 6 8 9 |  9.6
Throwing       | 2 5 6 7 8 |  8.0
Stealth        | 5 6 8 |  8.0
Dodging        | 2 4 5 7 8 10 12 13 | 13.0
Armour         | 3 5 7 8 |  8.0
Long Blades    | 4 7 10 12 13 14 | 14.9
Evocations     | 3 6 9 11 12 | 12.0
Shields        | 3 6 10 11 12 13 | 13.1
Translocations | 4 5 6 8 10 13 14 | 14.0
Spellcasting   | 2 4 5 7 |  7.0
Shapeshifting  | 5 13 16 | 16.0

Action                     |  1- 3 |  4- 6 |  7- 9 | 10-12 | 13-15 | 16-18 | 19-21 | 22-24 | 25-27 || total
---------------------------+-------+-------+-------+-------+-------+-------+-------+-------+-------++-------
  Melee: Dagger            |    89 |   207 |   718 |   496 |    22 |       |       |       |       ||  1532
         Bite              |    20 |    73 |   293 |   389 |   472 |   530 |   868 |   995 |   782 ||  4422
         Punch             |     2 |     1 |    15 |    17 |    19 |     4 |       |       |       ||    58
         Scimitar          |       |       |       |   495 |   271 |       |       |       |       ||   766
         Demon blade       |       |       |       |       |   768 |  1174 |  1414 |  1950 |  1315 ||  6621
         Double sword      |       |       |       |       |       |       |   213 |       |    15 ||   228
         Kick              |       |       |       |       |       |       |       |   215 |   156 ||   371
  Throw: Dart              |       |     1 |    11 |    48 |    27 |    19 |     1 |       |       ||   107
         Boomerang         |       |       |       |       |       |       |    22 |    40 |    38 ||   100
   Cast: Passage of Golubr |       |       |       |       |       |       |       |     3 |       ||     3
         Manifold Assault  |       |       |       |       |       |       |       |    52 |    21 ||    73
 Invoke: Call Merchant     |       |       |       |       |     1 |     1 |       |       |     2 ||     4
         Potion Petition   |       |       |       |       |       |     6 |     4 |     3 |     5 ||    18
         Bribe Branch      |       |       |       |       |       |       |       |       |     4 ||     4
  Evoke: Wand              |       |       |       |    16 |    11 |    11 |     3 |     1 |    13 ||    55
         Sack of spiders   |       |       |       |       |       |     1 |     2 |     2 |       ||     5
         Lightning rod     |       |       |       |       |       |       |       |     3 |       ||     3
    Use: Scroll            |       |       |    12 |     7 |    20 |    15 |     7 |     5 |    15 ||    81
         Potion            |       |       |       |     1 |       |     7 |     1 |     6 |    13 ||    28
   Stab: Sleeping          |     8 |    13 |    10 |    12 |    17 |     3 |    18 |    19 |    23 ||   123
         Distracted        |       |     1 |     3 |     5 |    11 |    11 |    14 |    14 |    16 ||    75
         Petrifying        |       |       |       |       |     3 |       |       |       |       ||     3
         Invisible         |       |       |       |       |       |     1 |       |       |       ||     1
 Armour: Robe              |    15 |    19 |   190 |   238 |       |       |       |       |       ||   462
         Animal skin       |       |    22 |       |       |       |       |       |       |       ||    22
         Swamp dragon scal |       |       |       |    65 |   404 |       |       |       |       ||   469
         Ring mail         |       |       |       |       |    38 |   665 |   616 |   816 |   511 ||  2646
         Skin              |       |       |       |       |       |       |       |       |   172 ||   172
  Dodge: Dodged            |    47 |   109 |   335 |   569 |   496 |   339 |   473 |   631 |   577 ||  3576
  Block: Other             |       |       |       |       |   105 |    23 |       |       |       ||   128
         Reflection        |       |       |       |       |    16 |    29 |   164 |    77 |     8 ||   294
         Buckler           |       |       |       |       |       |    47 |       |       |       ||    47
         Kite shield       |       |       |       |       |       |   645 |  1308 |  1203 |  1084 ||  4240
   Form: Statue            |       |       |       |       |       |       |       |       |     1 ||     1
                           |       |       |       |       |       |       |       |       |     1 ||     1

Illustrated notes

Table legend:
 A = Kills in this place as a percentage of kills in the entire game.
 B = Kills by you in this place as a percentage of kills by you in the entire game.
 C = Kills by friends in this place as a percentage of kills by friends in the entire game.
 D = Other kills in this place as a percentage of other kills in the entire game.
 E = Experience gained in this place as a percentage of experience gained in the entire game.
 F = Experience gained in this place divided by the number of levels of this place that you have seen.
                   A       B       C       D       E      F
               +-------+-------+-------+-------+-------+----------------------
         Total | 100.0 | 100.0 | 100.0 | 100.0 | 100.0 | 20954.6
       Dungeon |  18.7 |  19.1 |   0.0 |   0.0 |   5.5 | 4754.3
          Lair |   7.5 |   7.7 |   0.0 |   0.0 |   4.2 | 10872.8
         Swamp |   5.2 |   5.3 |   0.0 |  11.8 |   5.0 | 16290.0
     Snake Pit |   9.2 |   9.4 |   0.0 |   5.9 |  10.0 | 32430.5
    Slime Pits |   6.1 |   6.1 |   5.6 |   0.0 |   7.1 | 18364.4
  Orcish Mines |   4.0 |   4.0 |   0.0 |   5.9 |   0.9 | 5702.5
   Elven Halls |   7.2 |   7.3 |   2.8 |   5.9 |  10.0 | 43369.0
        Vaults |  10.2 |  10.2 |  11.1 |   5.9 |  14.2 | 46068.8
         Crypt |   7.8 |   8.0 |   0.0 |   0.0 |   8.8 | 38134.0
        Depths |   8.7 |   8.9 |   0.0 |   0.0 |  16.2 | 52777.8
           Zot |   6.1 |   4.5 |  80.6 |  64.7 |  13.1 | 33913.8
         Abyss |   1.5 |   1.5 |   0.0 |   0.0 |   1.1 | 14201.0
         Sewer |   1.9 |   2.0 |   0.0 |   0.0 |   0.0 | 224.0
       Ossuary |   1.2 |   1.2 |   0.0 |   0.0 |   0.1 | 1204.0
        Bailey |   0.3 |   0.3 |   0.0 |   0.0 |   0.1 | 1809.0
      Ice Cave |   1.0 |   1.0 |   0.0 |   0.0 |   0.4 | 5016.0
       Volcano |   0.2 |   0.2 |   0.0 |   0.0 |   0.2 | 2656.0
    Desolation |   3.3 |   3.3 |   0.0 |   0.0 |   3.1 | 40825.0
               +-------+-------+-------+-------+-------+----------------------

Table legend: (Time is in decaauts)
 A = Elapsed time spent in this place.
 B = Non-inter-level travel time spent in this place.
 C = Inter-level travel time spent in this place.
 D = Time resting spent in this place.
 E = Time spent auto-exploring this place.
 F = Levels seen in this place.
 G = Mean time per level.
                   A        B        C        D        E       F      G
               +--------+--------+--------+--------+--------+-----+--------+
         Total |  63102 |  53543 |   9559 |   3329 |  15743 |  62 | 1017.8 |
       Dungeon |  15424 |  12367 |   3057 |    248 |   4764 |  15 | 1028.3 |
        Temple |     18 |      2 |     16 |      0 |      0 |   1 |   18.0 |
          Lair |   5979 |   3995 |   1984 |    184 |     74 |   5 | 1195.8 |
         Swamp |   3410 |   2916 |    494 |    385 |    424 |   4 |  852.5 |
     Snake Pit |   5367 |   4930 |    437 |    273 |   1775 |   4 | 1341.8 |
    Slime Pits |   3925 |   3657 |    268 |   1017 |    717 |   5 |  785.0 |
  Orcish Mines |   1711 |   1254 |    457 |      7 |      0 |   2 |  855.5 |
   Elven Halls |   3821 |   3289 |    532 |     26 |   1367 |   3 | 1273.7 |
        Vaults |   6821 |   5575 |   1246 |    391 |   1856 |   4 | 1705.2 |
         Crypt |   4018 |   3562 |    456 |    143 |   1342 |   3 | 1339.3 |
        Depths |   4400 |   4040 |    360 |    196 |   1416 |   4 | 1100.0 |
           Zot |   4395 |   4147 |    248 |     92 |   1947 |   5 |  879.0 |
         Abyss |    579 |    579 |      0 |    112 |     60 |   1 |  579.0 |
         Sewer |    311 |    311 |      0 |      0 |      0 |   1 |  311.0 |
       Ossuary |    420 |    420 |      0 |      4 |      0 |   1 |  420.0 |
        Bailey |    336 |    336 |      0 |     18 |      0 |   1 |  336.0 |
      Ice Cave |    608 |    608 |      0 |     53 |      0 |   1 |  608.0 |
       Volcano |    179 |    179 |      0 |      4 |      0 |   1 |  179.0 |
    Desolation |   1373 |   1373 |      0 |    173 |      0 |   1 | 1373.0 |
               +--------+--------+--------+--------+--------+-----+--------+

Top non-repeatable levels by time:
 Crypt:3: 2083 daAuts
Vaults:3: 1992 daAuts
Vaults:1: 1765 daAuts
Vaults:2: 1688 daAuts
   Elf:3: 1662 daAuts
    D:10: 1660 daAuts
     D:9: 1536 daAuts
     D:6: 1523 daAuts
 Snake:4: 1518 daAuts
  Lair:2: 1486 daAuts
Vaults:4: 1374 daAuts
Desolation: 1373 daAuts
  Lair:5: 1367 daAuts
   Zot:3: 1314 daAuts
Depths:2: 1302 daAuts
